 Dungeon Crawl Stone Soup version 0.30.0-29-ga12c61a403 (webtiles) character file.

Game seed: 15586887316046280075

589747 qw the Conqueror (level 26, -15/193 HPs)
             Began as a Gargoyle Fighter on June 3, 2023.
             Was a Priest of the Shining One.
             Demolished by a death scarab (19 damage)
             ... summoned by a royal mummy
             ... on level 2 of the Tomb of the Ancients.
             The game lasted 00:49:57 (56893 turns).

qw the Conqueror (Gargoyle Fighter)                Turns: 56893, Time: 00:49:58

Health: -15/193    AC: 62    Str: 30 (31) XL:     26   Next: 96%
Magic:  32/32      EV: 17    Int:  4 (7)  God:    the Shining One [***...]
Gold:   3178       SH: 21    Dex: 10 (12) Spells: 25/25 levels left

rFire   + . .        h - +5 broad axe (freeze)
rCold   + + .        E - +0 tower shield
rNeg    + + +        j - +9 plate armour "Ewel" {rPois rF+ Int-5 SInv}
rPois   inf          o - +1 hat "Giwokiug" {rC+}
rElec   +            r - +2 cloak
rCorr   .            m - +2 pair of gloves
SInv    +            c - +2 pair of boots of Fadarphec {+Inv Will+ Slay+2}
Will    ++...        q - amulet of Yfehof {Acrobat +Inv Regen+ Int-2 Dex+3} Stlth
                     e - ring "Plog" {rC+ rN+ Int+6}
HPRegen 1.32/turn    t - +5 ring of evasion
MPRegen 0.23/turn

%: acrobat
@: about to teleport, marked, flying, hasted, glowing, very quick
A: sickness immunity, AC +20, big wings, negative energy resistance 1,
electricity resistance, torment resistance 1, petrification resistance, horns 1,
deterioration 1, dopey 1, mutation resistance 1
}: 4/15 runes: decaying, slimy, silver, gossamer
a: Renounce Religion, Evoke Invisibility, Divine Shield, Cleansing Flame


You were on level 2 of the Tomb of the Ancients.
You worshipped the Shining One.
The Shining One was most pleased with you.
You visited 12 branches of the dungeon, and saw 54 of its levels.
You also visited: Ossuary.

You collected 9670 gold pieces.
You spent 6492 gold pieces at shops.


Innate Abilities, Weirdness & Mutations

You are immune to sickness and miasma.
Your stone body is resilient. (AC +20)
You are immune to poison.
Your large and strong wings let you fly.
You resist negative energy. (rN+)
You are resistant to electric shocks. (rElec)
You are resistant to unholy torment.
You are immune to petrification.
You have a pair of small horns on your head.
Your body sometimes deteriorates upon taking damage.
You are dopey. (Int -2)
You are somewhat resistant to further mutation.


   Skills:
 O Level 27 Fighting
 - Level 19.1 Axes
 - Level 12.1 Throwing
 - Level 22.0 Armour
 - Level 12.4 Dodging
 - Level 22.0 Shields
 + Level 12.3 Invocations


You had 25 spell levels left.
You didn't know any spells.
Your spell library was empty.

Inventory:

Hand Weapons
 h - a +5 broad axe of freezing (weapon)
 n - a +9 broad axe of chaos
Missiles
 f - 3 silver javelins (quivered)
 D - 13 boomerangs
Armour
 c - the +2 pair of boots of Fadarphec (worn) {+Inv Will+ Slay+2}
   (Okawaru gifted it to you on level 5 of the Vaults)

   Slay:      It affects your accuracy & damage with ranged weapons and melee
   (+2).
   +Inv:      It lets you turn invisible.
   Will:      It increases your willpower.
 j - the +9 plate armour "Ewel" (worn) {rPois rF+ Int-5 SInv}
   (You found it on level 5 of the Lair of Beasts)

   Int:       It affects your intelligence (-5).
   rF:        It protects you from fire.
   rPois:     It protects you from poison.
   SInv:      It lets you see invisible.
 m - a +2 pair of gloves (worn)
 o - the +1 hat "Giwokiug" (worn) {rC+}
   (Okawaru gifted it to you on level 3 of the Depths)

   rC:        It protects you from cold.
 r - a +2 cloak (worn)
 v - a scarf of resistance
 z - the +2 pair of boots of Wonder {Will++ SInv}
   (You found it on level 4 of the Lair of Beasts)

   SInv:      It lets you see invisible.
   Will:      It greatly increases your willpower.
 E - a +0 tower shield (worn)
Jewellery
 e - the ring "Plog" (left hand) {rC+ rN+ Int+6}
   (You bought it in a shop on level 1 of the Depths)

   [ring of intelligence]

   Int:       It affects your intelligence (+6).
   rC:        It protects you from cold.
   rN:        It protects you from negative energy.
 i - the ring of Amorality {Fire Str+2}
   (You bought it in a shop on level 3 of the Depths)

   [ring of fire]

   It enhances your fire magic.
   Str:       It affects your strength (+2).
   rF:        It protects you from fire.
   rC:        It makes you vulnerable to cold.
 q - the amulet of Yfehof (around neck) {Acrobat +Inv Regen+ Int-2 Dex+3}
   (You bought it in a shop on level 1 of the Depths)

   [amulet of the acrobat]

   It increases your evasion while moving and waiting.
   Int:       It affects your intelligence (-2).
   Dex:       It affects your dexterity (+3).
   +Inv:      It lets you turn invisible.
   Regen:     It increases your rate of health regeneration.
 t - a +5 ring of evasion (right hand)
 C - the ring "Fulais" {rElec rF- rC+ rN+ Dex+2 Slay+4}
   (You found it on level 12 of the Dungeon)

   [ring of slaying]

   Dex:       It affects your dexterity (+2).
   Slay:      It affects your accuracy & damage with ranged weapons and melee
   (+4).
   rF:        It makes you vulnerable to fire.
   rC:        It protects you from cold.
   rElec:     It insulates you from electricity.
   rN:        It protects you from negative energy.
 H - a ring of protection from fire
 J - a +5 ring of evasion
 K - a ring of protection from fire
 P - the ring of Xaonleirr {rC+ rN+ Str+3 SInv}
   (You found it on level 5 of the Vaults)

   [ring of see invisible]

   Str:       It affects your strength (+3).
   rC:        It protects you from cold.
   rN:        It protects you from negative energy.
   SInv:      It lets you see invisible.
 Y - the ring of the Shrike {rPois Will+ MP-9 Slay+3 SInv}
   (You bought it in a shop on level 3 of the Depths)

   [ring of see invisible]

   Slay:      It affects your accuracy & damage with ranged weapons and melee
   (+3).
   rPois:     It protects you from poison.
   MP:        It affects your magic capacity (-9).
   SInv:      It lets you see invisible.
   Will:      It increases your willpower.
Wands
 w - a wand of digging (10)
Scrolls
 a - 45 scrolls of identify
 b - 15 scrolls of teleportation
 F - 4 scrolls of enchant armour
Potions
 d - 7 potions of might
 g - 11 potions of attraction
 k - 7 potions of haste
 l - 17 potions of curing
 p - 4 potions of resistance
 s - 8 potions of mutation
 A - 6 potions of lignification

Dungeon Overview and Level Annotations

Branches:
Dungeon (15/15)            Temple (1/1) D:6            Lair (5/5) D:11
  Swamp (4/4) Lair:2       Spider (4/4) Lair:3        Slime (5/5) Lair:4
    Orc (2/2) D:10            Elf (0/3) Orc:2        Vaults (5/5) D:13
  Crypt (3/3) Vaults:2       Tomb (2/3) Crypt:3      Depths (4/4) D:15
    Zot (4/5) Depths:4    Ossuary (visited)

Altars:
Ashenzari
Cheibriados
Dithmenos
Elyvilon
Fedhas
Gozag
Hepliaklqana
Kikubaaqudgha
Makhleb
Nemelex Xobeh
Okawaru
Qazlal
Ru
Sif Muna
Trog
Uskayaw
Vehumet
Wu Jian
Xom
Yredelemnul
Zin
The Shining One
Jiyva

Shops:
D:5 *   Orc:2 [*:?[   Vaults:5 *   Depths:1 *(=?   Depths:3 =:=

Portals:
Hell: Depths:1 Depths:2 Depths:3 Depths:4
Abyss: Depths:2 Depths:3
Pandemonium: Orc:2 Depths:2
Ziggurat: Depths:4
Trove: Vaults:4 (give +6 fire dragon scales)

Annotations:
D:4 2 transporters
D:6 2 transporters, Menkaure
Lair:5 1 runed translucent door, qw's ghost, journeyman GrFi
Orc:1 2 transporters
Crypt:2 3 runed translucent doors, Teduw's ghost, veteran MiGl
Zot:3 3 runed translucent doors, qw's ghost, veteran GrFi


Message History

You freeze the death scarab. You completely miss the ushabti.
Your surroundings suddenly seem different.
You can now channel blasts of cleansing flame.
A guardian mummy and a mummy priest come into view.
Found a potion of heal wounds.
The royal mummy gestures at you while chanting.
Something smites you!
The royal mummy is attracted toward you.
The guardian mummy is attracted toward you.
The naga warrior zombie is attracted toward you.
The mummy priest is attracted toward you.
The royal mummy is attracted toward you.
The death scarab is attracted toward you.
You feel less attractive to monsters.
56889 ||| READING 16 scrolls of teleportation.
As you read the scroll of teleportation, it crumbles to dust.
You feel strangely unstable.
You hit the royal mummy but do no damage.
The royal mummy is heavily damaged.
The royal mummy hits you but does no damage.
You hit the royal mummy but do no damage.
You headbutt the royal mummy, but do no damage.
The royal mummy is heavily damaged.
The mummy priest calls on the powers of darkness!
Your body is wracked with pain!
The emperor scorpion convulses!
You hit the royal mummy but do no damage.
You headbutt the royal mummy.
The royal mummy is heavily damaged.
You barely miss the guardian mummy. The royal mummy hits you!
The mummy priest mumbles some strange prayers to its god.
You block the death scarab's attack.
You slash the royal mummy! You freeze the royal mummy.
You headbutt the royal mummy, but do no damage.
The royal mummy is heavily damaged.
You hit the naga warrior zombie. You slash the guardian mummy!
You freeze the guardian mummy. You hit the death scarab.
You freeze the death scarab. The death scarab bites you!!
You die...

..##...^...##....
#(...M......).B.#. .
##.....4sM.B...¤.## ..
#........M.M..M...# ...
..^.....z¤nM.B.3s¤ ....
....M..).MMs¤....# .....
#M..B...¤.M..¤M¤##
......#BMB......44¤...#.
......M@Z##.......##....
........###.......# ...
!.......# ......... #...
..##...................M
. #..... ...^...
........ ##########


You could see 3 royal mummies, an emperor scorpion (summoned), 2 mummy priests,
2 guardian mummies, a rust devil (summoned), 3 death scarabs, a flying skull and
a naga warrior zombie (summoned).

Vanquished Creatures
  the Royal Jelly (Slime:5)
  A dread lich (Crypt:3)
  2 orbs of fire
  2 ancient liches (Vaults:5)
  A juggernaut (Depths:3)
  Mennas (Vaults:4)
  2 Killer Klowns
  6 royal mummies
  Vv (Depths:4)
  Bai Suzhen (Swamp:3)
  4 curse toes
  Nikola (Swamp:1)
  6 golden dragons
  Arachne (Spider:2)
  2 bone dragons (Crypt:3)
  An electric golem (Zot:3)
  Mlioglotl (Swamp:4)
  An Ice Fiend (Zot:4)
  20 tentacled monstrosities
  2 shard shrike skeletons (Crypt:3)
  A titan (Vaults:5)
  7 quicksilver dragons
  3 liches
  12 acid blobs
  An eldritch tentacle (Tomb:1)
  14 ancient champions
  9 death cobs
  10 sphinxes
  6 shadow dragons
  10 storm dragons
  3 tengu reavers (Vaults:5)
  2 draconian monks
  Donald (Swamp:4)
  Roxanne (Swamp:4)
  7 fire giants
  2 fenstrider witches (Swamp:4)
  13 rockslimes (Slime:5)
  11 azure jellies
  3 iron dragons
  6 nagarajas (Depths:4)
  2 revenants (Tomb:1)
  A deep elf sorcerer (Vaults:5)
  6 draconian knights
  7 frost giants
  9 vault wardens
  4 emperor scorpions
  Aizul (Spider:4)
  5 draconian shifters
  3 ghost moths
  An orc warlord (Vaults:1)
  4 draconian scorchers
  3 broodmothers
  2 spriggan defenders
  4 draconian annihilators
  5 ghouls
  2 juggernaut skeletons
  A war gargoyle (Vaults:5)
  16 stone giants
  19 ironbound preservers
  9 quicksilver oozes
  22 very ugly things
  7 vampire knights
  7 caustic shrike skeletons (Crypt:3)
  3 eleionomae
  9 green draconians
  9 ironbound thunderhulks
  12 spark wasps
  7 white draconians
  Azrael (Spider:1)
  4 bunyips
  8 black draconians
  3 deep elf demonologists
  5 yellow draconians
  16 dire elephants
  A deep elf annihilator (Vaults:5)
  A spark wasp (shapeshifter) (Vaults:5)
  6 red draconians
  7 purple draconians
  7 ettins
  7 entropy weavers
  12 mummy priests
  A merfolk impaler (Depths:1)
  11 yaktaur captains
  4 deep elf death magi
  4 eidola
  Josephine (Orc:1)
  A quicksilver dragon skeleton (Crypt:1)
  3 deep elf high priests
  11 jiangshi
  11 fire dragons
  3 spriggan zombies
  26 vault guards
  A fenstrider witch zombie (Crypt:1)
  A rakshasa (Depths:2)
  A ghost crab (Swamp:1)
  25 hydras
  5 spriggan air magi
  6 great orbs of eyes
  6 ice dragons
  7 centaur warriors
  A fenstrider witch skeleton (Tomb:1)
  5 ironbound frosthearts
  A caustic shrike simulacrum (Tomb:2)
  7 boulder beetles
  4 radroaches
  5 anacondas (Depths:4)
  2 jorogumos
  3 catoblepae
  2 demonspawn (Orc:2)
  Harold (Orc:1)
  A death knight (Crypt:1)
  4 spriggan skeletons
  2 ogre magi
  2 dancing weapons (D:13)
  3 death yaks (Lair:5)
  A jorogumo (shapeshifter) (Vaults:5)
  9 naga warriors (Depths:4)
  6 two-headed ogres
  6 deep troll shamans
  7 alligators
  5 orc high priests (Orc:2)
  2 titan zombies (Crypt:2)
  4 tengu warriors
  7 spriggan berserkers
  26 death scarabs (Tomb:1)
  8 deep troll earth magi
  6 vampire magi
  9 hell knights
  9 spriggans
  3 soul eaters
  55 skeletal warriors
  A sun moth (Spider:3)
  2 fire crabs (Swamp:4)
  2 shadow wraiths
  A spark wasp zombie (Crypt:3)
  2 titan skeletons (Crypt:3)
  8 iron trolls
  A salamander mystic (Depths:2)
  7 pharaoh ants
  5 flayed ghosts
  13 orb spiders
  10 bog bodies
  A shadow dragon zombie (Crypt:1)
  4 sea snakes (Depths:4)
  5 goliath frogs
  A spriggan druid (Swamp:4)
  A storm dragon skeleton (Crypt:1)
  A deep troll (shapeshifter) (Vaults:5)
  4 wizards
  An obsidian statue (Lair:4)
  2 tengu zombies
  11 phantasmal warriors
  2 swamp dragons (Swamp:4)
  4 glowing orange brains
  52 deep trolls
  A spriggan simulacrum (Crypt:1)
  A jorogumo zombie (Crypt:2)
  14 ironbound convokers
  5 orc knights (Orc:2)
  13 lindwurms
  A bunyip skeleton (Crypt:3)
  17 necromancers
  5 anaconda skeletons
  9 steelbarb worms
  A faun (shapeshifter) (Vaults:3)
  8 orc sorcerers (Orc:2)
  3 deep elf pyromancers
  5 shining eyes
  21 wolf spiders
  43 ugly things
  A frost giant zombie (Vaults:3)
  3 cyclopes
  28 moths of wrath
  3 manticores
  3 salamanders (Depths:2)
  15 elephants
  3 will-o-the-wisps
  2 human skeletons
  2 black mambas
  A centaur zombie (Crypt:3)
  11 demonic crawlers
  A fire giant skeleton (Vaults:1)
  3 guardian serpents (Depths:4)
  An eye of devastation (Slime:5)
  A smoke demon (Orc:2)
  4 gargoyles
  2 titan simulacra
  4 naga magi (Depths:4)
  7 vault sentinels
  An alligator snapping turtle zombie (Crypt:2)
  6 cane toads
  11 torpor snails
  6 rime drakes
  2 unseen horrors (D:12)
  4 dire elephant skeletons
  4 centaur skeletons
  Maggie (D:6)
  2 kobold demonologists (D:12)
  6 freezing wraiths
  7 komodo dragons
  A green draconian zombie (Crypt:1)
  41 yaktaurs
  An alligator snapping turtle skeleton (Crypt:1)
  A steelbarb worm zombie (Crypt:1)
  12 guardian mummies
  The ghost of qw the Chopper, a novice GrFi (D:5)
  A bunyip simulacrum (Crypt:1)
  An unseen horror (shapeshifter) (D:15)
  A yaktaur skeleton (Vaults:1)
  A tengu conjurer (D:14)
  3 harpy zombies
  9 polar bears (Lair:5)
  17 hornets
  An unseen horror skeleton (Crypt:1)
  A death yak skeleton (Crypt:3)
  6 trolls
  A tarantella (shapeshifter) (D:14)
  Prince Ribbit (D:5)
  19 tyrant leeches
  6 meliai
  4 harpy skeletons
  2 hellwings (Orc:2)
  26 tarantellas
  17 blink frogs
  7 dream sheep (Lair:5)
  A meliai zombie (Crypt:1)
  29 culicivoras
  A fire giant simulacrum (Vaults:1)
  An ettin zombie (Vaults:3)
  17 flying skulls
  79 slime creatures
  2 shadows
  21 jumping spiders
  A dire elephant simulacrum (Crypt:3)
  4 vampires
  3 water elementals (Depths:1)
  2 ettin skeletons
  2 centaur simulacra
  An alligator skeleton (Crypt:3)
  35 yaks
  15 wyverns
  2 fire elementals (Spider:1)
  An ice dragon skeleton (Crypt:2)
  4 fire bats (Swamp:4)
  9 wraiths
  3 ushabtiu
  7 basilisks
  7 golden eyes
  A chaos spawn (Orc:2)
  Grum (Lair:1)
  76 redbacks
  A hog (shapeshifter) (D:12)
  4 steam dragons
  4 vampire mosquitoes
  A yaktaur simulacrum (Vaults:1)
  2 naga zombies
  7 wargs
  A harpy simulacrum (Crypt:1)
  2 nagas (Depths:4)
  A water nymph zombie (Crypt:1)
  2 acid dragons (D:8)
  20 hell hounds
  Duvessa (D:7)
  A merfolk skeleton (Crypt:2)
  3 naga skeletons
  10 swamp worms
  13 water moccasins
  30 orc warriors
  A floating eye (Slime:5)
  14 black bears
  9 swamp drakes
  3 sky beasts
  A blink frog zombie (Crypt:3)
  5 ogres
  9 centaurs
  A hog zombie (Crypt:2)
  30 wolves
  A lindwurm skeleton (Crypt:3)
  A phantom (D:5)
  A draconian zombie (Crypt:2)
  2 kobold brigands (Depths:2)
  A hog skeleton (Crypt:2)
  13 bullfrogs
  3 human zombies
  4 necrophages
  2 gnoll sergeants
  4 scorpions
  15 wights
  Dowan (D:7)
  A warg skeleton (Crypt:1)
  28 killer bees
  3 electric eels
  A howler monkey (D:11)
  A hound (D:6)
  10 jellies
  A gnoll bouda (D:6)
  A human simulacrum (Vaults:5)
  A sleepcap (D:5)
  33 orc priests
  2 iguanas
  15 orc wizards
  4 hell rats (Lair:5)
  An acid dragon skeleton (Crypt:1)
  17 mummies
  20 gnolls
  8 adders
  A swamp drake skeleton (Crypt:2)
  4 white imps
  3 ufetubi (D:6)
  A worm (D:4)
  2 dart slugs
  76 orcs
  3 spectral bats (Ossuary)
  5 bats
  A bat zombie (Crypt:2)
  10 endoplasms
  7 giant cockroaches
  12 gnoll zombies (Ossuary)
  11 goblins
  9 hobgoblins
  4 jackals (D:2)
  2 quokkas
  5 ball pythons
  4 bat simulacra (Ossuary)
  3 frilled lizards
  2 giant cockroach zombies
  3 goblin simulacra (Ossuary)
  4 goblin zombies (Ossuary)
  A hobgoblin skeleton (Crypt:1)
  3 hobgoblin zombies (Ossuary)
  7 kobolds
  A kobold simulacrum (Ossuary)
  4 kobold zombies (Ossuary)
  7 orc zombies (Ossuary)
  7 rats
  2 rat simulacra (Ossuary)
  2 spectral goblins (Ossuary)
  5 spectral kobolds (Ossuary)
  A spectral rat (Ossuary)
  2 starspawn tentacles (Swamp:4)
2295 creatures vanquished.

Vanquished Creatures (others)
  A thorn hunter (Swamp:1)
  2 shadow dragons
  A draconian shifter (Zot:1)
  A lindwurm (Swamp:4)
  An ugly thing (Depths:2)
  A demonic crawler (Spider:3)
  A bloated husk (Swamp:1)
  A redback (Spider:2)
  2 steam dragons (Swamp:4)
  An orc warrior (Orc:2)
  A swamp drake (Swamp:4)
  A howler monkey (D:12)
  6 foxfires (Swamp:2)
20 creatures vanquished.

Grand Total: 2315 creatures vanquished

Notes
Turn   | Place    | Note
-------+----------+-------------------------------------------
     0 | D:1      | qw the Gargoyle Fighter began the quest for the Orb.
     0 | D:1      | Reached XP level 1. HP: 14/14 MP: 1/1
     0 | D:1      | 0 ||| qw: Version: 0.2-a-103-g3a7daa1
     0 | D:1      | 0 ||| qw: Game counter: 969
     0 | D:1      | 0 ||| qw: Always use a shield: true
     0 | D:1      | 0 ||| qw: God list: Okawaru
     0 | D:1      | 0 ||| qw: Allow faded altars: false
     0 | D:1      | 0 ||| qw: Do Orc after D:15 true
     0 | D:1      | 0 ||| qw: Do second Lair branch before Depths: true
     0 | D:1      | 0 ||| qw: Lair rune preference: random
     0 | D:1      | 0 ||| qw: Plans: Normal, Zot:1-4, Slime:5, God:TSO, Crypt,
                  | Tomb, Pan, Hells, Abyss, Win
     0 | D:1      | 0 ||| PLANNING D:1-11
     4 | D:1      | 4 ||| Stepping ~*~*~tactically~*~*~ (hiding).
   152 | D:1      | Reached XP level 2. HP: 19/19 MP: 2/2
   172 | D:1      | Found a faded altar of an unknown god.
   188 | D:1      | 188 ||| Stepping ~*~*~tactically~*~*~ (stealth).
   232 | D:1      | 232 ||| Stepping ~*~*~tactically~*~*~ (hiding).
   243 | D:1      | 243 ||| Stepping ~*~*~tactically~*~*~ (stealth).
   303 | D:1      | Reached skill level 3 in Axes
   305 | D:1      | 305 ||| Stepping ~*~*~tactically~*~*~ (stealth).
   310 | D:1      | Reached XP level 3. HP: 23/23 MP: 3/3
   605 | D:1      | 605 ||| READING scroll labelled XOMECA MONK.
   766 | D:2      | 766 ||| Stepping ~*~*~tactically~*~*~ (stealth).
   871 | D:2      | 871 ||| Stepping ~*~*~tactically~*~*~ (stealth).
   878 | D:2      | Reached XP level 4. HP: 28/28 MP: 4/4
  1073 | D:2      | 1073 ||| Stepping ~*~*~tactically~*~*~ (stealth).
  1296 | D:2      | 1296 ||| Stepping ~*~*~tactically~*~*~ (stealth).
  1390 | D:2      | 1390 ||| UPGRADING to +0 chain mail.
  1400 | D:2      | 1400 ||| DROPPING +0 scale mail.
  1401 | D:2      | 1401 ||| READING 2 scrolls labelled SOWERA JAFRA.
  1402 | D:2      | 1402 ||| READING scroll labelled ILOUKH HOAXUTU.
  1403 | D:2      | 1403 ||| READING scroll labelled ROSIEF MIK.
  1404 | D:2      | 1404 ||| DRINKING 2 lumpy purple potions.
  1405 | D:2      | 1405 ||| READING 2 scrolls of identify.
  1405 | D:2      | 1405 ||| IDENTIFYING bubbling emerald potion
  1406 | D:2      | 1406 ||| DROPPING potion of berserk rage.
  1597 | D:3      | 1597 ||| Stepping ~*~*~tactically~*~*~ (hiding).
  1612 | D:3      | Reached XP level 5. HP: 31/32 MP: 5/5
  1616 | D:3      | 1616 ||| DROPPING +0 mace.
  1645 | D:3      | 1645 ||| Stepping ~*~*~tactically~*~*~ (stealth).
  1646 | D:3      | 1646 ||| Stepping ~*~*~tactically~*~*~ (stealth).
  1647 | D:3      | 1647 ||| Stepping ~*~*~tactically~*~*~ (stealth).
  1829 | D:3      | Found a hide-covered altar of Uskayaw.
  2115 | D:3      | 2115 ||| UPGRADING to ring of willpower.
  2116 | D:3      | 2116 ||| READING 3 scrolls labelled OZECHO REW ALA.
  2119 | D:3      | 2119 ||| READING scroll labelled GOZXYNW WOZAS.
  2120 | D:3      | 2120 ||| DRINKING 2 sedimented yellow potions.
  2121 | D:3      | 2121 ||| READING 4 scrolls of identify.
  2121 | D:3      | 2121 ||| IDENTIFYING viscous cyan potion
  2122 | D:3      | 2122 ||| DROPPING potion of degeneration.
  2137 | D:4      | Noticed a black bear
  2140 | D:4      | 2140 ||| STAIRDANCE
  2154 | D:3      | Killed a black bear
  2155 | D:3      | Reached skill level 4 in Fighting
  2155 | D:3      | Reached XP level 6. HP: 16/39 MP: 6/6
  2247 | D:4      | Noticed a sky beast
  2252 | D:4      | 2252 ||| STAIRDANCE
  2278 | D:4      | 2278 ||| STAIRDANCE
  2293 | D:3      | Killed a sky beast
  2301 | D:4      | 2301 ||| Stepping ~*~*~tactically~*~*~ (hiding).
  2320 | D:4      | Reached skill level 6 in Axes
  2320 | D:4      | Reached XP level 7. HP: 33/44 MP: 7/7
  2391 | D:4      | 2391 ||| DROPPING +3 whip.
  2436 | D:4      | 2436 ||| Stepping ~*~*~tactically~*~*~ (stealth).
  2437 | D:4      | 2437 ||| Stepping ~*~*~tactically~*~*~ (stealth).
  2519 | D:4      | Found a transporter.
  2638 | D:4      | Reached skill level 1 in Dodging
  2700 | D:4      | 2700 ||| Stepping ~*~*~tactically~*~*~ (stealth).
  2756 | D:4      | Found a transporter.
  2979 | D:4      | Found an ornate altar of the Wu Jian Council.
  2985 | D:4      | 2985 ||| UPGRADING to +0 pair of boots.
  2990 | D:4      | 2990 ||| UPGRADING to +0 plate armour.
  3000 | D:4      | 3000 ||| DROPPING +0 chain mail.
  3001 | D:4      | 3001 ||| READING scroll of enchant armour.
  3001 | D:4      | 3001 ||| ENCHANTING +0 pair of boots.
  3002 | D:4      | 3002 ||| READING 2 scrolls labelled HAMEMI BYGO.
  3003 | D:4      | 3003 ||| DROPPING scroll of poison.
  3042 | D:5      | Entered Level 5 of the Dungeon
  3070 | D:5      | 3070 ||| Stepping ~*~*~tactically~*~*~ (stealth).
  3223 | D:5      | 3223 ||| Stepping ~*~*~tactically~*~*~ (hiding).
  3397 | D:5      | Found a blossoming altar of Fedhas.
  3433 | D:5      | Found a runed translucent door.
  3433 | D:5      | Noticed qw's ghost (novice GrFi)
  3459 | D:5      | Reached XP level 8. HP: 48/48 MP: 8/8
  3488 | D:5      | Reached skill level 5 in Fighting
  3560 | D:5      | Reached skill level 1 in Throwing
  3781 | D:5      | Found a bloodstained altar of Trog.
  3789 | D:5      | 3789 ||| SWAPPING to +0 heavy war axe.
  3790 | D:5      | 3790 ||| DROPPING +0 war axe.
  3795 | D:5      | Found a shimmering blue altar of Sif Muna.
  3814 | D:5      | Noticed Prince Ribbit
  3821 | D:5      | 3821 ||| Stepping ~*~*~tactically~*~*~ (stealth).
  3834 | D:5      | Killed Prince Ribbit
  3835 | D:5      | Reached skill level 6 in Fighting
  3888 | D:5      | 3888 ||| FLEEEEING.
  3942 | D:5      | Found Jean's General Store.
  3956 | D:5      | 3956 ||| BUYING +0 kite shield (63 gold).
  3956 | D:5      | Bought a +0 kite shield for 63 gold pieces
  3956 | D:5      | 3956 ||| BUYING scroll of identify (28 gold).
  3956 | D:5      | Bought a scroll of identify for 28 gold pieces
  4117 | D:5      | Found a shimmering altar of Xom.
  4118 | D:5      | Found a hazy altar of Hepliaklqana.
  4119 | D:5      | Noticed a spectral ugly thing
  4179 | D:5      | 4179 ||| UPGRADING to +0 kite shield.
  4189 | D:5      | 4189 ||| DROPPING +0 buckler.
  4190 | D:5      | 4190 ||| UPGRADING to +6 ring of dexterity.
  4191 | D:5      | 4191 ||| READING scroll labelled ROITRE GAFFODA.
  4192 | D:5      | 4192 ||| READING 10 scrolls of identify.
  4192 | D:5      | 4192 ||| IDENTIFYING yellow potion
  4193 | D:5      | 4193 ||| DROPPING potion of brilliance.
  4211 | D:6      | 4211 ||| PLANNING OSSUARY
  4221 | D:6      | Reached XP level 9. HP: 56/56 MP: 9/9
  4272 | D:6      | 4272 ||| Stepping ~*~*~tactically~*~*~ (hiding).
  4331 | D:6      | Found a staircase to the Ecumenical Temple.
  4331 | D:6      | Noticed Maggie
  4332 | D:6      | 4332 ||| Stepping ~*~*~tactically~*~*~ (hiding).
  4333 | D:6      | 4333 ||| Stepping ~*~*~tactically~*~*~ (hiding).
  4334 | D:6      | 4334 ||| Stepping ~*~*~tactically~*~*~ (hiding).
  4340 | D:6      | Killed Maggie
  4341 | D:6      | Reached skill level 6 in Shields
  4416 | D:6      | 4416 ||| Stepping ~*~*~tactically~*~*~ (stealth).
  4447 | D:6      | Found a snail-covered altar of Cheibriados.
  4447 | D:6      | Found a sacrificial altar of Ru.
  4587 | D:6      | Found a sand-covered staircase.
  4588 | D:6      | 4588 ||| UPGRADING to amulet of the acrobat.
  4593 | D:6      | 4593 ||| DROPPING +6 ring of intelligence.
  4594 | D:6      | 4594 ||| READING scroll labelled ERICID JONEUPHO.
  4595 | D:6      | 4595 ||| READING scroll labelled YQEPEMPABRI.
  4596 | D:6      | 4596 ||| DROPPING +0 flail.
  4603 | Ossuary  | Entered an ossuary
  4614 | Ossuary  | 4614 ||| Stepping ~*~*~tactically~*~*~ (stealth).
  4615 | Ossuary  | 4615 ||| Stepping ~*~*~tactically~*~*~ (stealth).
  4617 | Ossuary  | 4617 ||| Stepping ~*~*~tactically~*~*~ (stealth).
  4662 | Ossuary  | 4662 ||| Stepping ~*~*~tactically~*~*~ (stealth).
  4663 | Ossuary  | 4663 ||| Stepping ~*~*~tactically~*~*~ (stealth).
  4936 | Ossuary  | 4936 ||| READING 12 scrolls of identify.
  4936 | Ossuary  | 4936 ||| IDENTIFYING metallic black potion
  4937 | Ossuary  | 4937 ||| DROPPING potion of flight.
  4962 | D:6      | 4962 ||| PLANNING TEMPLE
  5001 | Temple   | Entered the Ecumenical Temple
  5002 | Temple   | 5002 ||| PLANNING OKAWARU WORSHIP
  5021 | Temple   | Became a worshipper of Warmaster Okawaru
  5021 | Temple   | 5021 ||| PLANNING D:1-11
  5398 | D:6      | Found a transporter.
  5404 | D:6      | Found a transporter.
  5416 | D:6      | Noticed Menkaure
  5418 | D:6      | Found a basalt altar of Yredelemnul.
  5428 | D:6      | Found an ancient bone altar of Kikubaaqudgha.
  5508 | D:6      | 5508 ||| Stepping ~*~*~tactically~*~*~ (stealth).
  5585 | D:7      | 5585 ||| STAIRDANCE
  5630 | D:7      | 5630 ||| STAIRDANCE
  5720 | D:7      | 5720 ||| Stepping ~*~*~tactically~*~*~ (stealth).
  5724 | D:7      | 5724 ||| Stepping ~*~*~tactically~*~*~ (stealth).
  5732 | D:7      | Noticed Duvessa
  5739 | D:7      | Noticed Dowan
  5742 | D:7      | Reached * piety under Okawaru
  5743 | D:7      | 5743 ||| INVOKING Heroism.
  5751 | D:7      | Killed Duvessa
  5754 | D:7      | 5754 ||| INVOKING Heroism.
  5755 | D:7      | Killed Dowan
  5756 | D:7      | 5756 ||| FLEEEEING.
  5757 | D:7      | 5757 ||| FLEEEEING.
  5758 | D:7      | 5758 ||| FLEEEEING.
  5781 | D:7      | 5781 ||| FLEEEEING.
  5859 | D:7      | 5859 ||| Stepping ~*~*~tactically~*~*~ (stealth).
  5871 | D:7      | Reached skill level 1 in Invocations
  5888 | D:7      | 5888 ||| Stepping ~*~*~tactically~*~*~ (stealth).
  5889 | D:7      | 5889 ||| Stepping ~*~*~tactically~*~*~ (stealth).
  5893 | D:7      | 5893 ||| INVOKING Heroism.
  6238 | D:7      | 6238 ||| READING scroll labelled WOENARPH NEOJ.
  6238 | D:7      | Identified a scroll of acquirement
  6238 | D:7      | 6238 ||| ACQUIRING +5 broad axe of venom
  6238 | D:7      | Acquired a +5 broad axe of venom
  6240 | D:7      | 6240 ||| SWAPPING to +5 broad axe of venom.
  6241 | D:7      | 6241 ||| READING scroll labelled GYCIEGO WIUCSI.
  6242 | D:7      | 6242 ||| READING 11 scrolls of identify.
  6242 | D:7      | 6242 ||| IDENTIFYING golden potion
  6243 | D:7      | 6243 ||| READING 10 scrolls of identify.
  6243 | D:7      | 6243 ||| IDENTIFYING viscous emerald potion
  6268 | D:8      | 6268 ||| Stepping ~*~*~tactically~*~*~ (hiding).
  6270 | D:8      | 6270 ||| Stepping ~*~*~tactically~*~*~ (hiding).
  6277 | D:8      | Reached XP level 10. HP: 61/61 MP: 10/12
  6283 | D:8      | Reached skill level 3 in Invocations
  6311 | D:8      | Reached skill level 9 in Axes
  6319 | D:8      | Found a sparkling altar of Nemelex Xobeh.
  6358 | D:8      | Found a stormy altar of Qazlal.
  6374 | D:8      | 6374 ||| Stepping ~*~*~tactically~*~*~ (stealth).
  6376 | D:8      | 6376 ||| Stepping ~*~*~tactically~*~*~ (stealth).
  6385 | D:8      | 6385 ||| INVOKING Heroism.
  6389 | D:8      | Reached skill level 7 in Fighting
  6389 | D:8      | HP: 12/63 [acid dragon/splash of acid (16)]
  6390 | D:8      | 6390 ||| READING 3 scrolls of teleportation.
  6391 | D:8      | 6391 ||| DRINKING potion of heal wounds.
  6392 | D:8      | Reached ** piety under Okawaru
  6557 | D:8      | 6557 ||| READING scroll of enchant armour.
  6557 | D:8      | 6557 ||| ENCHANTING +1 pair of boots.
  6575 | D:8      | 6575 ||| READING scroll of enchant weapon.
  6575 | D:8      | 6575 ||| ENCHANTING +5 broad axe of venom.
  6595 | D:8      | 6595 ||| Stepping ~*~*~tactically~*~*~ (stealth).
  6705 | D:8      | 6705 ||| FLEEEEING.
  6706 | D:8      | 6706 ||| FLEEEEING.
  6707 | D:8      | 6707 ||| FLEEEEING.
  6708 | D:8      | 6708 ||| FLEEEEING.
  6709 | D:8      | 6709 ||| FLEEEEING.
  6710 | D:8      | 6710 ||| FLEEEEING.
  6711 | D:8      | 6711 ||| FLEEEEING.
  6712 | D:8      | 6712 ||| FLEEEEING.
  6713 | D:8      | 6713 ||| FLEEEEING.
  6714 | D:8      | 6714 ||| FLEEEEING.
  6715 | D:8      | 6715 ||| STAIRDANCE
  6824 | D:7      | 6824 ||| UPGRADING to +0 cloak.
  6829 | D:7      | 6829 ||| READING scroll labelled URHIRPH TIKOT.
  6830 | D:7      | 6830 ||| DRINKING 2 emerald potions.
  6830 | D:7      | Gained mutation: You are agile. (Dex +4, Str/Int -1)
                  | [potion of mutation]
  6830 | D:7      | Gained mutation: You are somewhat resistant to further
                  | mutation. [potion of mutation]
  6833 | D:8      | 6833 ||| STAIRDANCE
  6882 | D:8      | 6882 ||| Stepping ~*~*~tactically~*~*~ (hiding).
  7185 | D:8      | 7185 ||| READING scroll labelled BAYKHLUYTAO.
  7245 | D:9      | 7245 ||| Stepping ~*~*~tactically~*~*~ (hiding).
  7265 | D:9      | 7265 ||| Stepping ~*~*~tactically~*~*~ (hiding).
  7338 | D:9      | Found a radiant altar of Vehumet.
  7342 | D:9      | 7342 ||| Stepping ~*~*~tactically~*~*~ (hiding).
  7344 | D:9      | 7344 ||| Stepping ~*~*~tactically~*~*~ (hiding).
  7388 | D:9      | Reached skill level 6 in Armour
  7397 | D:9      | 7397 ||| Stepping ~*~*~tactically~*~*~ (stealth).
  7401 | D:9      | 7401 ||| Stepping ~*~*~tactically~*~*~ (stealth).
  7405 | D:9      | Reached skill level 9 in Shields
  7519 | D:9      | 7519 ||| Stepping ~*~*~tactically~*~*~ (stealth).
  7522 | D:9      | Noticed a two-headed ogre
  7523 | D:9      | 7523 ||| INVOKING Heroism.
  7528 | D:9      | Reached *** piety under Okawaru
  7534 | D:9      | Killed a two-headed ogre
  7583 | D:9      | 7583 ||| Stepping ~*~*~tactically~*~*~ (hiding).
  7586 | D:9      | 7586 ||| INVOKING Heroism.
  7630 | D:9      | Reached XP level 11. HP: 67/67 MP: 14/14
  7664 | D:9      | Found a burning altar of Makhleb.
  7664 | D:9      | Noticed an Executioner
  7804 | D:9      | 7804 ||| Stepping ~*~*~tactically~*~*~ (hiding).
  7817 | D:9      | 7817 ||| Stepping ~*~*~tactically~*~*~ (hiding).
  7820 | D:9      | 7820 ||| INVOKING Heroism.
  7832 | D:9      | Reached skill level 8 in Fighting
  7843 | D:9      | 7843 ||| Stepping ~*~*~tactically~*~*~ (hiding).
  7844 | D:9      | 7844 ||| Stepping ~*~*~tactically~*~*~ (hiding).
  8025 | D:9      | 8025 ||| UPGRADING to +5 ring of evasion.
  8027 | D:9      | 8027 ||| DROPPING ring of willpower.
  8041 | D:10     | Entered Level 10 of the Dungeon
  8070 | D:10     | 8070 ||| Stepping ~*~*~tactically~*~*~ (stealth).
  8075 | D:10     | 8075 ||| INVOKING Heroism.
  8084 | D:10     | Reached **** piety under Okawaru
  8188 | D:10     | Noticed a two-headed ogre
  8189 | D:10     | 8189 ||| Stepping ~*~*~tactically~*~*~ (stealth).
  8192 | D:10     | 8192 ||| Stepping ~*~*~tactically~*~*~ (stealth).
  8285 | D:10     | 8285 ||| Stepping ~*~*~tactically~*~*~ (stealth).
  8287 | D:10     | 8287 ||| INVOKING Heroism.
  8315 | D:10     | Found a staircase to the Orcish Mines.
  8333 | D:10     | 8333 ||| Stepping ~*~*~tactically~*~*~ (stealth).
  8443 | D:10     | 8443 ||| Stepping ~*~*~tactically~*~*~ (hiding).
  8444 | D:10     | 8444 ||| Stepping ~*~*~tactically~*~*~ (hiding).
  8448 | D:10     | 8448 ||| INVOKING Heroism.
  8541 | D:10     | 8541 ||| Stepping ~*~*~tactically~*~*~ (stealth).
  8546 | D:10     | 8546 ||| Stepping ~*~*~tactically~*~*~ (stealth).
  8547 | D:10     | 8547 ||| Stepping ~*~*~tactically~*~*~ (stealth).
  8597 | D:10     | 8597 ||| Stepping ~*~*~tactically~*~*~ (hiding).
  8687 | D:10     | Found a broken altar of Ashenzari.
  8814 | D:10     | 8814 ||| Stepping ~*~*~tactically~*~*~ (hiding).
  8820 | D:10     | 8820 ||| INVOKING Heroism.
  9007 | D:10     | 9007 ||| UPGRADING to scarf of resistance.
  9017 | D:10     | 9017 ||| READING 11 scrolls of identify.
  9017 | D:10     | 9017 ||| IDENTIFYING purple potion
  9018 | D:10     | 9018 ||| DROPPING potion of ambrosia.
  9131 | D:11     | Noticed a manticore
  9132 | D:11     | 9132 ||| INVOKING Heroism.
  9140 | D:11     | Killed a manticore
  9141 | D:11     | Reached skill level 6 in Invocations
  9151 | D:11     | 9151 ||| INVOKING Heroism.
  9298 | D:11     | 9298 ||| Stepping ~*~*~tactically~*~*~ (hiding).
  9299 | D:11     | 9299 ||| Stepping ~*~*~tactically~*~*~ (hiding).
  9338 | D:11     | 9338 ||| Stepping ~*~*~tactically~*~*~ (stealth).
  9369 | D:11     | 9369 ||| Stepping ~*~*~tactically~*~*~ (stealth).
  9370 | D:11     | 9370 ||| Stepping ~*~*~tactically~*~*~ (stealth).
  9380 | D:11     | Received a gift from Okawaru
  9404 | D:11     | 9404 ||| FLEEEEING.
  9405 | D:11     | 9405 ||| FLEEEEING.
  9406 | D:11     | 9406 ||| FLEEEEING.
  9407 | D:11     | 9407 ||| FLEEEEING.
  9408 | D:11     | 9408 ||| FLEEEEING.
  9409 | D:11     | 9409 ||| FLEEEEING.
  9410 | D:11     | 9410 ||| FLEEEEING.
  9411 | D:11     | 9411 ||| FLEEEEING.
  9412 | D:11     | 9412 ||| FLEEEEING.
  9413 | D:11     | 9413 ||| FLEEEEING.
  9414 | D:11     | 9414 ||| FLEEEEING.
  9415 | D:11     | 9415 ||| FLEEEEING.
  9416 | D:11     | 9416 ||| INVOKING Heroism.
  9420 | D:11     | Reached skill level 3 in Dodging
  9527 | D:11     | 9527 ||| DRINKING 4 potions of curing.
  9527 | D:11     | 9527 ||| (to cure confusion)
  9528 | D:11     | 9528 ||| DRINKING 3 potions of curing.
  9528 | D:11     | 9528 ||| (to cure confusion)
  9531 | D:11     | 9531 ||| INVOKING Heroism.
  9571 | D:11     | Found a staircase to the Lair.
  9582 | D:11     | Noticed a manticore
  9583 | D:11     | 9583 ||| INVOKING Heroism.
  9588 | D:11     | Killed a manticore
  9637 | D:11     | 9637 ||| INVOKING Heroism.
  9878 | D:11     | 9878 ||| INVOKING Heroism.
  9879 | D:11     | 9879 ||| Stepping ~*~*~tactically~*~*~ (stealth).
  9881 | D:11     | 9881 ||| Stepping ~*~*~tactically~*~*~ (stealth).
  9888 | D:11     | Reached skill level 3 in Throwing
  9903 | D:11     | 9903 ||| READING scroll of enchant armour.
  9903 | D:11     | 9903 ||| ENCHANTING +0 plate armour.
 10125 | D:11     | 10125 ||| PLANNING LAIR
 10125 | D:11     | 10125 ||| UPGRADING to +3 plate armour.
 10135 | D:11     | 10135 ||| DROPPING +1 plate armour.
 10136 | D:11     | 10136 ||| READING scroll labelled MOCOAS UTWUDD.
 10242 | Lair:1   | Entered Level 1 of the Lair of Beasts
 10273 | Lair:1   | 10273 ||| INVOKING Heroism.
 10359 | Lair:1   | Noticed Grum
 10360 | Lair:1   | 10360 ||| INVOKING Heroism.
 10363 | Lair:1   | Reached XP level 12. HP: 73/73 MP: 13/16
 10375 | Lair:1   | Killed Grum
 10482 | Lair:1   | Noticed a boulder beetle
 10483 | Lair:1   | 10483 ||| INVOKING Heroism.
 10497 | Lair:1   | Killed a boulder beetle
 10569 | Lair:1   | 10569 ||| INVOKING Heroism.
 10575 | Lair:1   | Reached skill level 9 in Fighting
 10599 | Lair:1   | 10599 ||| INVOKING Heroism.
 11012 | Lair:1   | 11012 ||| UPGRADING to +0 pair of gloves.
 11017 | Lair:1   | 11017 ||| DRINKING 2 bubbling cyan potions.
 11324 | Lair:2   | 11324 ||| INVOKING Heroism.
 11435 | Lair:2   | Found a staircase to the Swamp.
 11487 | Lair:2   | Found a dark tunnel.
 11516 | Lair:2   | Identified the +10 dagger "Deinn" {flame, rPois Will+ Str-4
                  | Stlth+}
 11561 | Lair:2   | Noticed a catoblepas
 11562 | Lair:2   | 11562 ||| Stepping ~*~*~tactically~*~*~ (stealth).
 11564 | Lair:2   | 11564 ||| Stepping ~*~*~tactically~*~*~ (hiding).
 11565 | Lair:2   | 11565 ||| Stepping ~*~*~tactically~*~*~ (hiding).
 11568 | Lair:2   | 11568 ||| INVOKING Heroism.
 11580 | Lair:2   | Killed a catoblepas
 11730 | Lair:2   | Identified the +3 morningstar "Ysulaguj" {elec, rC+}
 11778 | Lair:2   | Identified the +1 ring mail "Xiggul" {Fly rC+ rN+ Stlth+}
 12080 | Lair:2   | 12080 ||| INVOKING Heroism.
 12313 | Lair:3   | 12313 ||| Stepping ~*~*~tactically~*~*~ (hiding).
 12386 | Lair:3   | 12386 ||| INVOKING Heroism.
 12393 | Lair:3   | Reached skill level 12 in Axes
 12414 | Lair:3   | Noticed an eight-headed hydra
 12418 | Lair:3   | Killed an eight-headed hydra
 12419 | Lair:3   | Reached skill level 9 in Invocations
 12613 | Lair:3   | 12613 ||| INVOKING Heroism.
 12625 | Lair:3   | Reached XP level 13. HP: 79/80 MP: 17/20
 12657 | Lair:3   | 12657 ||| READING scroll of enchant weapon.
 12657 | Lair:3   | 12657 ||| ENCHANTING +6 broad axe of venom.
 12808 | Lair:3   | 12808 ||| Stepping ~*~*~tactically~*~*~ (stealth).
 12815 | Lair:3   | Reached ***** piety under Okawaru
 12821 | Lair:3   | Reached skill level 9 in Armour
 12885 | Lair:3   | 12885 ||| INVOKING Heroism.
 13102 | Lair:3   | 13102 ||| Stepping ~*~*~tactically~*~*~ (hiding).
 13151 | Lair:3   | Found a hole to the Spider Nest.
 13280 | Lair:3   | 13280 ||| DROPPING +1 chain mail of positive energy.
 13281 | Lair:3   | 13281 ||| DROPPING ring of positive energy.
 13391 | Lair:4   | Found a staircase to the Slime Pits.
 13539 | Lair:4   | 13539 ||| INVOKING Heroism.
 13540 | Lair:4   | 13540 ||| INVOKING Finesse.
 13547 | Lair:4   | 13547 ||| SWAPPING to +1 war axe of flaming.
 13550 | Lair:4   | 13550 ||| SWAPPING to +7 broad axe of venom.
 13651 | Lair:4   | 13651 ||| Stepping ~*~*~tactically~*~*~ (stealth).
 13734 | Lair:4   | Reached skill level 10 in Fighting
 13783 | Lair:4   | 13783 ||| Stepping ~*~*~tactically~*~*~ (stealth).
 13787 | Lair:4   | Received a gift from Okawaru
 13790 | Lair:4   | 13790 ||| Stepping ~*~*~tactically~*~*~ (stealth).
 14068 | Lair:4   | 14068 ||| UPGRADING to +6 ring of strength.
 14070 | Lair:4   | 14070 ||| DROPPING +6 ring of dexterity.
 14078 | Lair:5   | Entered Level 5 of the Lair of Beasts
 14086 | Lair:5   | 14086 ||| INVOKING Heroism.
 14140 | Lair:5   | 14140 ||| Stepping ~*~*~tactically~*~*~ (hiding).
 14144 | Lair:5   | 14144 ||| INVOKING Heroism.
 14165 | Lair:5   | 14165 ||| Stepping ~*~*~tactically~*~*~ (stealth).
 14221 | Lair:5   | 14221 ||| Stepping ~*~*~tactically~*~*~ (hiding).
 14239 | Lair:5   | 14239 ||| INVOKING Heroism.
 14267 | Lair:5   | 14267 ||| Stepping ~*~*~tactically~*~*~ (stealth).
 14271 | Lair:5   | 14271 ||| INVOKING Heroism.
 14336 | Lair:5   | 14336 ||| INVOKING Heroism.
 14341 | Lair:5   | Received a gift from Okawaru
 14347 | Lair:5   | 14347 ||| SWAPPING to +1 war axe of flaming.
 14355 | Lair:5   | 14355 ||| SWAPPING to +7 broad axe of venom.
 14437 | Lair:5   | Identified the +5 great sword of Zooschut {elec, Str-4
                  | Int+4}
 14496 | Lair:5   | Found a runed translucent door.
 14497 | Lair:5   | Noticed qw's ghost (journeyman GrFi)
 14556 | Lair:5   | 14556 ||| INVOKING Heroism.
 14601 | Lair:5   | 14601 ||| INVOKING Heroism.
 14615 | Lair:5   | 14615 ||| Stepping ~*~*~tactically~*~*~ (stealth).
 14619 | Lair:5   | 14619 ||| Stepping ~*~*~tactically~*~*~ (stealth).
 14626 | Lair:5   | 14626 ||| Stepping ~*~*~tactically~*~*~ (stealth).
 14639 | Lair:5   | 14639 ||| INVOKING Heroism.
 14749 | Lair:5   | 14749 ||| READING scroll of enchant armour.
 14749 | Lair:5   | 14749 ||| ENCHANTING +0 pair of gloves.
 15007 | Lair:5   | 15007 ||| Stepping ~*~*~tactically~*~*~ (hiding).
 15008 | Lair:5   | 15008 ||| Stepping ~*~*~tactically~*~*~ (hiding).
 15014 | Lair:5   | Gained mutation: Your large and strong wings let you fly.
                  | [Gargoyle growth]
 15014 | Lair:5   | Reached XP level 14. HP: 81/88 MP: 21/21
 15027 | Lair:5   | 15027 ||| Stepping ~*~*~tactically~*~*~ (stealth).
 15032 | Lair:5   | Received a gift from Okawaru
 15035 | Lair:5   | 15035 ||| Stepping ~*~*~tactically~*~*~ (stealth).
 15044 | Lair:5   | 15044 ||| INVOKING Heroism.
 15152 | Lair:5   | 15152 ||| Stepping ~*~*~tactically~*~*~ (hiding).
 15160 | Lair:5   | 15160 ||| FLEEEEING.
 15161 | Lair:5   | 15161 ||| FLEEEEING.
 15162 | Lair:5   | 15162 ||| FLEEEEING.
 15163 | Lair:5   | 15163 ||| FLEEEEING.
 15164 | Lair:5   | 15164 ||| FLEEEEING.
 15166 | Lair:5   | 15166 ||| FLEEEEING.
 15168 | Lair:5   | 15168 ||| FLEEEEING.
 15169 | Lair:5   | 15169 ||| FLEEEEING.
 15170 | Lair:5   | 15170 ||| FLEEEEING.
 15171 | Lair:5   | 15171 ||| FLEEEEING.
 15172 | Lair:5   | 15172 ||| FLEEEEING.
 15173 | Lair:5   | 15173 ||| FLEEEEING.
 15174 | Lair:5   | 15174 ||| FLEEEEING.
 15175 | Lair:5   | 15175 ||| FLEEEEING.
 15176 | Lair:5   | 15176 ||| FLEEEEING.
 15177 | Lair:5   | 15177 ||| FLEEEEING.
 15178 | Lair:5   | 15178 ||| STAIRDANCE
 15241 | Lair:4   | 15241 ||| INVOKING Heroism.
 15279 | Lair:4   | 15279 ||| INVOKING Heroism.
 15342 | Lair:4   | Identified the +2 pair of boots of Wonder {Will++ SInv}
 15344 | Lair:4   | 15344 ||| UPGRADING to +2 pair of boots of Wonder {Will++
                  | SInv}.
 15354 | Lair:4   | 15354 ||| DROPPING +2 pair of boots.
 15412 | Lair:5   | 15412 ||| Stepping ~*~*~tactically~*~*~ (stealth).
 15420 | Lair:5   | 15420 ||| INVOKING Heroism.
 15442 | Lair:5   | Reached skill level 11 in Fighting
 15502 | Lair:5   | 15502 ||| Stepping ~*~*~tactically~*~*~ (stealth).
 15609 | Lair:5   | 15609 ||| READING scroll of brand weapon.
 15609 | Lair:5   | 15609 ||| BRANDING +7 broad axe of venom.
 15615 | Lair:5   | 15615 ||| Stepping ~*~*~tactically~*~*~ (hiding).
 15639 | Lair:5   | Identified the +9 plate armour "Ewel" {rPois rF+ Int-5
                  | SInv}
 15680 | Lair:5   | Identified the +2 helmet "Teddoq" {+Inv rPois Int+2}
 15701 | Lair:5   | 15701 ||| Stepping ~*~*~tactically~*~*~ (stealth).
 15702 | Lair:5   | 15702 ||| Stepping ~*~*~tactically~*~*~ (stealth).
 15708 | Lair:5   | 15708 ||| Stepping ~*~*~tactically~*~*~ (hiding).
 15723 | Lair:5   | 15723 ||| Stepping ~*~*~tactically~*~*~ (hiding).
 15747 | Lair:5   | 15747 ||| INVOKING Heroism.
 15753 | Lair:5   | 15753 ||| Stepping ~*~*~tactically~*~*~ (stealth).
 15892 | Lair:5   | 15892 ||| FLEEEEING.
 15893 | Lair:5   | 15893 ||| FLEEEEING.
 15894 | Lair:5   | 15894 ||| FLEEEEING.
 15898 | Lair:5   | 15898 ||| FLEEEEING.
 15899 | Lair:5   | 15899 ||| FLEEEEING.
 15900 | Lair:5   | 15900 ||| FLEEEEING.
 15901 | Lair:5   | 15901 ||| FLEEEEING.
 15902 | Lair:5   | 15902 ||| FLEEEEING.
 15903 | Lair:5   | 15903 ||| FLEEEEING.
 15904 | Lair:5   | 15904 ||| FLEEEEING.
 15905 | Lair:5   | 15905 ||| FLEEEEING.
 15906 | Lair:5   | 15906 ||| STAIRDANCE
 15969 | Lair:4   | 15969 ||| UPGRADING to +9 plate armour "Ewel" {rPois rF+
                  | Int-5 SInv}.
 15979 | Lair:4   | 15979 ||| DROPPING +3 plate armour.
 15980 | Lair:4   | 15980 ||| UPGRADING to +2 helmet.
 15985 | Lair:4   | 15985 ||| UPGRADING to +2 helmet "Teddoq" {+Inv rPois
                  | Int+2}.
 15995 | Lair:4   | 15995 ||| DROPPING +2 helmet.
 16035 | Lair:5   | 16035 ||| Stepping ~*~*~tactically~*~*~ (stealth).
 16061 | Lair:5   | Found an opulent altar of Gozag.
 16190 | Lair:5   | Received a gift from Okawaru
 16191 | Lair:5   | Reached skill level 12 in Shields
 16254 | Lair:5   | 16254 ||| INVOKING Heroism.
 16255 | Lair:5   | 16255 ||| SWAPPING to +1 war axe of flaming.
 16262 | Lair:5   | Reached skill level 6 in Throwing
 16262 | Lair:5   | 16262 ||| SWAPPING to +7 heavy broad axe.
 16449 | Lair:5   | 16449 ||| PLANNING D
 16574 | D:12     | 16574 ||| Stepping ~*~*~tactically~*~*~ (stealth).
 16580 | D:12     | 16580 ||| INVOKING Heroism.
 16586 | D:12     | 16586 ||| Stepping ~*~*~tactically~*~*~ (stealth).
 16656 | D:12     | 16656 ||| Stepping ~*~*~tactically~*~*~ (hiding).
 16659 | D:12     | 16659 ||| Stepping ~*~*~tactically~*~*~ (hiding).
 16713 | D:12     | 16713 ||| INVOKING Heroism.
 16799 | D:12     | 16799 ||| Stepping ~*~*~tactically~*~*~ (stealth).
 16851 | D:12     | 16851 ||| Stepping ~*~*~tactically~*~*~ (hiding).
 16853 | D:12     | 16853 ||| INVOKING Heroism.
 16854 | D:12     | 16854 ||| INVOKING Finesse.
 16972 | D:12     | 16972 ||| Stepping ~*~*~tactically~*~*~ (hiding).
 16990 | D:12     | 16990 ||| INVOKING Heroism.
 16991 | D:12     | 16991 ||| INVOKING Finesse.
 16995 | D:12     | Reached skill level 15 in Axes
 16998 | D:12     | 16998 ||| Stepping ~*~*~tactically~*~*~ (stealth).
 17089 | D:12     | Identified the ring "Fulais" {rElec rF- rC+ rN+ Dex+2
                  | Slay+4}
 17091 | D:12     | Identified the +5 short sword "Yveth" {drain, rElec Stlth+}
 17097 | D:12     | Identified the ring "Voniydom" {rN+ SInv}
 17133 | D:12     | 17133 ||| Stepping ~*~*~tactically~*~*~ (stealth).
 17225 | D:12     | 17225 ||| READING scroll of enchant weapon.
 17225 | D:12     | 17225 ||| ENCHANTING +7 heavy broad axe.
 17384 | D:12     | Reached XP level 15. HP: 89/94 MP: 22/22
 17553 | D:12     | 17553 ||| DROPPING +2 helmet.
 17554 | D:12     | 17554 ||| UPGRADING to ring "Fulais" {rElec rF- rC+ rN+
                  | Dex+2 Slay+4}.
 17556 | D:12     | 17556 ||| UPGRADING to +4 ring of protection.
 17558 | D:12     | 17558 ||| UPGRADING to +5 ring of evasion.
 17560 | D:12     | 17560 ||| DROPPING +6 ring of strength.
 17561 | D:12     | 17561 ||| READING scroll labelled OPOGEOFAHY.
 17718 | D:13     | 17718 ||| FLEEEEING.
 17720 | D:13     | 17720 ||| FLEEEEING.
 17721 | D:13     | 17721 ||| FLEEEEING.
 17722 | D:13     | 17722 ||| STAIRDANCE
 17892 | D:13     | 17892 ||| INVOKING Heroism.
 18038 | D:13     | 18038 ||| READING scroll of brand weapon.
 18038 | D:13     | 18038 ||| BRANDING +8 heavy broad axe.
 18056 | D:13     | 18056 ||| READING scroll of acquirement.
 18056 | D:13     | 18056 ||| ACQUIRING 504 gold pieces
 18056 | D:13     | Acquired 504 gold pieces
 18071 | D:13     | Found a gate to the Vaults.
 18074 | D:13     | 18074 ||| INVOKING Heroism.
 18290 | D:13     | Identified the +1 ring mail "Xufrihon" {Stlth+}
 18511 | D:13     | 18511 ||| READING 3 scrolls labelled GUMEGIWNUJ.
 18512 | D:13     | 18512 ||| DROPPING 2 scrolls of fog.
 18660 | D:14     | 18660 ||| Stepping ~*~*~tactically~*~*~ (stealth).
 18661 | D:14     | 18661 ||| Stepping ~*~*~tactically~*~*~ (stealth).
 18701 | D:14     | Reached skill level 12 in Fighting
 18746 | D:14     | 18746 ||| Stepping ~*~*~tactically~*~*~ (hiding).
 18755 | D:14     | Identified the +1 chain mail of Atheism {+Blink rC+++ Int-4
                  | Slay-2} (Okawaru gifted it to you on level 14 of the
                  | Dungeon)
 18755 | D:14     | Received a gift from Okawaru
 18825 | D:14     | 18825 ||| INVOKING Heroism.
 18826 | D:14     | 18826 ||| INVOKING Finesse.
 18831 | D:14     | 18831 ||| SWAPPING to +1 war axe of flaming.
 18837 | D:14     | 18837 ||| SWAPPING to +8 vampiric broad axe.
 19075 | D:14     | Found a glowing golden altar of the Shining One.
 19312 | D:14     | 19312 ||| READING scroll labelled ZENAISK CEVERPH.
 19313 | D:14     | 19313 ||| READING 22 scrolls of identify.
 19313 | D:14     | 19313 ||| IDENTIFYING sapphire potion
 19322 | D:15     | Entered Level 15 of the Dungeon
 19322 | D:15     | Found an opulent altar of Gozag.
 19337 | D:15     | 19337 ||| Stepping ~*~*~tactically~*~*~ (hiding).
 19338 | D:15     | 19338 ||| Stepping ~*~*~tactically~*~*~ (hiding).
 19339 | D:15     | 19339 ||| Stepping ~*~*~tactically~*~*~ (hiding).
 19340 | D:15     | 19340 ||| Stepping ~*~*~tactically~*~*~ (hiding).
 19341 | D:15     | 19341 ||| Stepping ~*~*~tactically~*~*~ (hiding).
 19492 | D:15     | 19492 ||| Stepping ~*~*~tactically~*~*~ (hiding).
 19499 | D:15     | 19499 ||| INVOKING Heroism.
 19957 | D:15     | 19957 ||| Stepping ~*~*~tactically~*~*~ (stealth).
 20113 | D:15     | 20113 ||| INVOKING Heroism.
 20116 | D:15     | 20116 ||| SWAPPING to +1 war axe of flaming.
 20119 | D:15     | 20119 ||| SWAPPING to +8 vampiric broad axe.
 20272 | D:15     | 20272 ||| Stepping ~*~*~tactically~*~*~ (hiding).
 20274 | D:15     | 20274 ||| INVOKING Heroism.
 20320 | D:15     | 20320 ||| Stepping ~*~*~tactically~*~*~ (hiding).
 20322 | D:15     | 20322 ||| Stepping ~*~*~tactically~*~*~ (hiding).
 20338 | D:15     | 20338 ||| INVOKING Heroism.
 20419 | D:15     | Found a staircase to the Depths.
 20429 | D:15     | Received a gift from Okawaru
 20528 | D:15     | 20528 ||| PLANNING ORC
 20646 | Orc:1    | Entered Level 1 of the Orcish Mines
 20646 | Orc:1    | Noticed Josephine
 20660 | Orc:1    | Killed Josephine
 20707 | Orc:1    | 20707 ||| Stepping ~*~*~tactically~*~*~ (hiding).
 20711 | Orc:1    | Noticed Harold
 20722 | Orc:1    | Killed Harold
 20850 | Orc:1    | 20850 ||| Stepping ~*~*~tactically~*~*~ (hiding).
 20853 | Orc:1    | 20853 ||| Stepping ~*~*~tactically~*~*~ (hiding).
 20854 | Orc:1    | 20854 ||| Stepping ~*~*~tactically~*~*~ (hiding).
 21025 | Orc:1    | Found a transporter.
 21025 | Orc:1    | Found a transporter.
 21110 | Orc:2    | Entered Level 2 of the Orcish Mines
 21112 | Orc:2    | Found a staircase to the Elven Halls.
 21142 | Orc:2    | 21142 ||| INVOKING Heroism.
 21163 | Orc:2    | Reached skill level 12 in Armour
 21163 | Orc:2    | Reached XP level 16. HP: 99/101 MP: 23/23
 21222 | Orc:2    | 21222 ||| INVOKING Heroism.
 21247 | Orc:2    | Received a gift from Okawaru
 21396 | Orc:2    | Found Xato Rurch's Armour Shoppe.
 21440 | Orc:2    | 21440 ||| Stepping ~*~*~tactically~*~*~ (hiding).
 21442 | Orc:2    | 21442 ||| Stepping ~*~*~tactically~*~*~ (hiding).
 21450 | Orc:2    | 21450 ||| Stepping ~*~*~tactically~*~*~ (hiding).
 21540 | Orc:2    | 21540 ||| Stepping ~*~*~tactically~*~*~ (hiding).
 21658 | Orc:2    | 21658 ||| INVOKING Heroism.
 21659 | Orc:2    | Found Vistrah's Magic Scroll Boutique.
 21664 | Orc:2    | Found Welualio's General Store.
 21702 | Orc:2    | 21702 ||| Stepping ~*~*~tactically~*~*~ (hiding).
 21713 | Orc:2    | 21713 ||| INVOKING Heroism.
 21853 | Orc:2    | 21853 ||| BUYING scroll of enchant armour (82 gold).
 21853 | Orc:2    | Bought a scroll of enchant armour for 82 gold pieces
 21853 | Orc:2    | 21853 ||| BUYING scroll of teleportation (33 gold).
 21853 | Orc:2    | Bought a scroll of teleportation for 33 gold pieces
 21853 | Orc:2    | 21853 ||| READING scroll of enchant armour.
 21853 | Orc:2    | 21853 ||| ENCHANTING +1 pair of gloves.
 21884 | Orc:2    | 21884 ||| INVOKING Heroism.
 21886 | Orc:2    | 21886 ||| Stepping ~*~*~tactically~*~*~ (hiding).
 21949 | Orc:2    | 21949 ||| INVOKING Heroism.
 21989 | Orc:2    | 21989 ||| Stepping ~*~*~tactically~*~*~ (hiding).
 22021 | Orc:2    | Found Qownoson's Antique Armour Emporium.
 22021 | Orc:2    | Found Fyiru's Book Shoppe.
 22022 | Orc:2    | Found a one-way gate leading to the halls of Pandemonium.
 22024 | Orc:2    | 22024 ||| BUYING runed helmet (240 gold).
 22024 | Orc:2    | Bought a runed helmet for 240 gold pieces
 22167 | Orc:2    | 22167 ||| Stepping ~*~*~tactically~*~*~ (hiding).
 22173 | Orc:2    | 22173 ||| Stepping ~*~*~tactically~*~*~ (hiding).
 22179 | Orc:2    | 22179 ||| Stepping ~*~*~tactically~*~*~ (hiding).
 22376 | Orc:2    | 22376 ||| PLANNING SWAMP:1-3
 22376 | Orc:2    | 22376 ||| DROPPING +2 helmet of intelligence.
 22538 | Swamp:1  | Entered Level 1 of the Swamp
 22540 | Swamp:1  | 22540 ||| INVOKING Heroism.
 22577 | Swamp:1  | 22577 ||| INVOKING Heroism.
 22581 | Swamp:1  | 22581 ||| SWAPPING to +1 war axe of flaming.
 22584 | Swamp:1  | 22584 ||| SWAPPING to +8 vampiric broad axe.
 22632 | Swamp:1  | 22632 ||| Stepping ~*~*~tactically~*~*~ (stealth).
 22633 | Swamp:1  | 22633 ||| INVOKING Heroism.
 22684 | Swamp:1  | Noticed Nikola
 22686 | Swamp:1  | 22686 ||| INVOKING Heroism.
 22694 | Swamp:1  | Noticed a thorn hunter
 22703 | Swamp:1  | Killed Nikola
 22713 | Swamp:1  | Killed a thorn hunter
 22737 | Swamp:1  | Reached skill level 13 in Fighting
 22775 | Swamp:1  | 22775 ||| Stepping ~*~*~tactically~*~*~ (hiding).
 22790 | Swamp:1  | Received a gift from Okawaru
 22827 | Swamp:1  | 22827 ||| Stepping ~*~*~tactically~*~*~ (stealth).
 22831 | Swamp:1  | 22831 ||| Stepping ~*~*~tactically~*~*~ (stealth).
 22834 | Swamp:1  | 22834 ||| Stepping ~*~*~tactically~*~*~ (hiding).
 23176 | Swamp:2  | 23176 ||| FLEEEEING.
 23177 | Swamp:2  | 23177 ||| STAIRDANCE
 23222 | Swamp:2  | 23222 ||| STAIRDANCE
 23260 | Swamp:2  | 23260 ||| INVOKING Heroism.
 23333 | Swamp:2  | Identified the +3 ring mail of the Orcish Mines {Will+}
                  | (Okawaru gifted it to you on level 2 of the Swamp)
 23333 | Swamp:2  | Received a gift from Okawaru
 23378 | Swamp:2  | You are sucked into a shaft and drop 1 floor!
 23398 | Swamp:3  | 23398 ||| INVOKING Heroism.
 23399 | Swamp:3  | 23399 ||| INVOKING Finesse.
 23403 | Swamp:3  | 23403 ||| SWAPPING to +1 war axe of flaming.
 23409 | Swamp:3  | 23409 ||| SWAPPING to +8 vampiric broad axe.
 23468 | Swamp:3  | 23468 ||| INVOKING Heroism.
 23513 | Swamp:3  | 23513 ||| INVOKING Heroism.
 23590 | Swamp:3  | Noticed Bai Suzhen
 23591 | Swamp:3  | 23591 ||| INVOKING Heroism.
 23606 | Swamp:3  | 23606 ||| INVOKING Heroism.
 23616 | Swamp:3  | Killed Bai Suzhen
 23620 | Swamp:3  | Identified the +1 robe of Corchu {rElec rN+}
 23837 | Swamp:2  | Reached skill level 18 in Axes
 24052 | Swamp:3  | Reached XP level 17. HP: 108/108 MP: 24/24
 24218 | Swamp:3  | 24218 ||| PLANNING SPIDER:1-3
 24341 | Spider:1 | Entered Level 1 of the Spider Nest
 24435 | Spider:1 | 24435 ||| Stepping ~*~*~tactically~*~*~ (stealth).
 24525 | Spider:1 | 24525 ||| Stepping ~*~*~tactically~*~*~ (hiding).
 24558 | Spider:1 | 24558 ||| Stepping ~*~*~tactically~*~*~ (stealth).
 24559 | Spider:1 | 24559 ||| Stepping ~*~*~tactically~*~*~ (stealth).
 24561 | Spider:1 | 24561 ||| Stepping ~*~*~tactically~*~*~ (hiding).
 24608 | Spider:1 | 24608 ||| Stepping ~*~*~tactically~*~*~ (stealth).
 24610 | Spider:1 | 24610 ||| FLEEEEING.
 24611 | Spider:1 | 24611 ||| FLEEEEING.
 24612 | Spider:1 | 24612 ||| FLEEEEING.
 24613 | Spider:1 | 24613 ||| FLEEEEING.
 24621 | Spider:1 | 24621 ||| INVOKING Heroism.
 25058 | Spider:1 | 25058 ||| Stepping ~*~*~tactically~*~*~ (stealth).
 25279 | Spider:1 | 25279 ||| Stepping ~*~*~tactically~*~*~ (hiding).
 25282 | Spider:1 | 25282 ||| Stepping ~*~*~tactically~*~*~ (stealth).
 25289 | Spider:1 | 25289 ||| Stepping ~*~*~tactically~*~*~ (stealth).
 25291 | Spider:1 | 25291 ||| Stepping ~*~*~tactically~*~*~ (stealth).
 25293 | Spider:1 | 25293 ||| Stepping ~*~*~tactically~*~*~ (stealth).
 25301 | Spider:1 | Received a gift from Okawaru
 25301 | Spider:1 | Noticed Azrael
 25311 | Spider:1 | Killed Azrael
 25368 | Spider:2 | 25368 ||| STAIRDANCE
 25398 | Spider:2 | 25398 ||| STAIRDANCE
 25468 | Spider:2 | 25468 ||| DRINKING 5 potions of curing.
 25468 | Spider:2 | 25468 ||| (to cure confusion)
 25534 | Spider:2 | Reached skill level 14 in Fighting
 25568 | Spider:2 | Identified the +2 short sword of Benevolence {venom, rElec
                  | Stlth+}
 25638 | Spider:2 | 25638 ||| INVOKING Heroism.
 25744 | Spider:2 | 25744 ||| INVOKING Finesse.
 25842 | Spider:2 | 25842 ||| INVOKING Heroism.
 25849 | Spider:2 | 25849 ||| Stepping ~*~*~tactically~*~*~ (hiding).
 25909 | Spider:2 | Noticed Arachne
 25909 | Spider:2 | 25909 ||| Stepping ~*~*~tactically~*~*~ (hiding).
 25913 | Spider:2 | 25913 ||| Stepping ~*~*~tactically~*~*~ (hiding).
 25921 | Spider:2 | 25921 ||| INVOKING Heroism.
 25934 | Spider:2 | Killed Arachne
 25963 | Spider:2 | 25963 ||| Stepping ~*~*~tactically~*~*~ (stealth).
 25971 | Spider:2 | 25971 ||| Stepping ~*~*~tactically~*~*~ (stealth).
 25999 | Spider:2 | 25999 ||| INVOKING Finesse.
 26141 | Spider:2 | 26141 ||| Stepping ~*~*~tactically~*~*~ (stealth).
 26143 | Spider:2 | 26143 ||| INVOKING Heroism.
 26147 | Spider:2 | Reached skill level 15 in Fighting
 26158 | Spider:2 | Received a gift from Okawaru
 26184 | Spider:2 | Received a gift from Okawaru
 26185 | Spider:2 | 26185 ||| INVOKING Finesse.
 26597 | Spider:3 | 26597 ||| INVOKING Heroism.
 26626 | Spider:3 | 26626 ||| Stepping ~*~*~tactically~*~*~ (stealth).
 26668 | Spider:3 | 26668 ||| Stepping ~*~*~tactically~*~*~ (stealth).
 26686 | Spider:3 | 26686 ||| Stepping ~*~*~tactically~*~*~ (stealth).
 26802 | Spider:3 | 26802 ||| Stepping ~*~*~tactically~*~*~ (stealth).
 26942 | Spider:3 | Reached XP level 18. HP: 119/119 MP: 25/25
 26942 | Spider:3 | 26942 ||| Stepping ~*~*~tactically~*~*~ (hiding).
 26978 | Spider:3 | Received a gift from Okawaru
 26979 | Spider:3 | 26979 ||| INVOKING Finesse.
 26987 | Spider:3 | 26987 ||| INVOKING Heroism.
 27022 | Spider:3 | 27022 ||| Stepping ~*~*~tactically~*~*~ (stealth).
 27023 | Spider:3 | 27023 ||| Stepping ~*~*~tactically~*~*~ (stealth).
 27024 | Spider:3 | 27024 ||| Stepping ~*~*~tactically~*~*~ (stealth).
 27042 | Spider:3 | 27042 ||| Stepping ~*~*~tactically~*~*~ (stealth).
 27053 | Spider:3 | 27053 ||| INVOKING Heroism.
 27054 | Spider:3 | 27054 ||| DROPPING +1 war axe of flaming.
 27062 | Spider:3 | 27062 ||| READING 15 scrolls of teleportation.
 27373 | Spider:3 | 27373 ||| Stepping ~*~*~tactically~*~*~ (hiding).
 27375 | Spider:3 | 27375 ||| Stepping ~*~*~tactically~*~*~ (hiding).
 27377 | Spider:3 | 27377 ||| INVOKING Heroism.
 27385 | Spider:3 | 27385 ||| Stepping ~*~*~tactically~*~*~ (stealth).
 27386 | Spider:3 | 27386 ||| Stepping ~*~*~tactically~*~*~ (stealth).
 27414 | Spider:3 | 27414 ||| Stepping ~*~*~tactically~*~*~ (stealth).
 27628 | Spider:3 | 27628 ||| PLANNING SWAMP:4
 27802 | Swamp:4  | Entered Level 4 of the Swamp
 27806 | Swamp:4  | 27806 ||| Stepping ~*~*~tactically~*~*~ (hiding).
 27810 | Swamp:4  | 27810 ||| INVOKING Heroism.
 27821 | Swamp:4  | Identified Roxanne's Enchiridion on Topomancy
 27821 | Swamp:4  | Noticed Roxanne
 27841 | Swamp:4  | Killed Roxanne
 27842 | Swamp:4  | 27842 ||| Stepping ~*~*~tactically~*~*~ (cloud).
 27843 | Swamp:4  | 27843 ||| Stepping ~*~*~tactically~*~*~ (cloud).
 27918 | Swamp:4  | 27918 ||| INVOKING Heroism.
 28034 | Swamp:4  | 28034 ||| INVOKING Heroism.
 28060 | Swamp:4  | 28060 ||| Stepping ~*~*~tactically~*~*~ (stealth).
 28062 | Swamp:4  | 28062 ||| Stepping ~*~*~tactically~*~*~ (hiding).
 28075 | Swamp:4  | 28075 ||| INVOKING Heroism.
 28084 | Swamp:4  | Noticed Mlioglotl
 28100 | Swamp:4  | Killed Mlioglotl
 28100 | Swamp:4  | Received a gift from Okawaru
 28101 | Swamp:4  | Reached skill level 6 in Dodging
 28110 | Swamp:4  | Reached skill level 15 in Shields
 28130 | Swamp:4  | 28130 ||| Stepping ~*~*~tactically~*~*~ (hiding).
 28133 | Swamp:4  | 28133 ||| INVOKING Heroism.
 28176 | Swamp:4  | 28176 ||| Stepping ~*~*~tactically~*~*~ (stealth).
 28178 | Swamp:4  | 28178 ||| Stepping ~*~*~tactically~*~*~ (stealth).
 28180 | Swamp:4  | 28180 ||| Stepping ~*~*~tactically~*~*~ (stealth).
 28182 | Swamp:4  | 28182 ||| Stepping ~*~*~tactically~*~*~ (stealth).
 28184 | Swamp:4  | 28184 ||| Stepping ~*~*~tactically~*~*~ (hiding).
 28186 | Swamp:4  | 28186 ||| Stepping ~*~*~tactically~*~*~ (hiding).
 28191 | Swamp:4  | 28191 ||| INVOKING Heroism.
 28249 | Swamp:4  | 28249 ||| Stepping ~*~*~tactically~*~*~ (stealth).
 28257 | Swamp:4  | 28257 ||| Stepping ~*~*~tactically~*~*~ (stealth).
 28258 | Swamp:4  | 28258 ||| Stepping ~*~*~tactically~*~*~ (stealth).
 28261 | Swamp:4  | 28261 ||| Stepping ~*~*~tactically~*~*~ (stealth).
 28344 | Swamp:4  | 28344 ||| Stepping ~*~*~tactically~*~*~ (hiding).
 28346 | Swamp:4  | 28346 ||| Stepping ~*~*~tactically~*~*~ (hiding).
 28347 | Swamp:4  | 28347 ||| INVOKING Heroism.
 28407 | Swamp:4  | Noticed Donald
 28408 | Swamp:4  | 28408 ||| INVOKING Heroism.
 28415 | Swamp:4  | Killed Donald
 28481 | Swamp:4  | Identified the +3 quarterstaff of Integrity {holy, rCorr
                  | Dex+2}
 28554 | Swamp:4  | Got a decaying rune of Zot
 28653 | Swamp:4  | 28653 ||| PLANNING VAULTS:1-4
 28653 | Swamp:4  | 28653 ||| UPGRADING to +0 kite shield of reflection.
 28663 | Swamp:4  | 28663 ||| DROPPING +0 kite shield.
 28827 | Vaults:1 | Entered Level 1 of the Vaults
 28866 | Vaults:1 | 28866 ||| INVOKING Heroism.
 28931 | Vaults:1 | Reached skill level 16 in Fighting
 28970 | Vaults:1 | Reached skill level 9 in Throwing
 28983 | Vaults:1 | Received a gift from Okawaru
 29198 | Vaults:1 | 29198 ||| Stepping ~*~*~tactically~*~*~ (hiding).
 29201 | Vaults:1 | 29201 ||| Stepping ~*~*~tactically~*~*~ (stealth).
 29219 | Vaults:1 | Received a gift from Okawaru
 29224 | Vaults:1 | Reached skill level 15 in Armour
 29334 | Vaults:1 | Identified the +8 quarterstaff of Luxury {heavy, rPois rC+
                  | Will+}
 29398 | Vaults:1 | 29398 ||| INVOKING Heroism.
 29401 | Vaults:1 | Received a gift from Okawaru
 29402 | Vaults:1 | Reached XP level 19. HP: 84/127 MP: 23/26
 29629 | Vaults:1 | 29629 ||| Stepping ~*~*~tactically~*~*~ (stealth).
 29630 | Vaults:1 | 29630 ||| Stepping ~*~*~tactically~*~*~ (stealth).
 29631 | Vaults:1 | 29631 ||| Stepping ~*~*~tactically~*~*~ (stealth).
 29670 | Vaults:1 | 29670 ||| INVOKING Heroism.
 29671 | Vaults:1 | 29671 ||| INVOKING Finesse.
 29707 | Vaults:1 | 29707 ||| Stepping ~*~*~tactically~*~*~ (stealth).
 29718 | Vaults:1 | 29718 ||| Stepping ~*~*~tactically~*~*~ (stealth).
 29774 | Vaults:1 | Reached skill level 17 in Fighting
 29968 | Vaults:1 | 29968 ||| Stepping ~*~*~tactically~*~*~ (hiding).
 30217 | Vaults:1 | 30217 ||| UPGRADING to +2 kite shield.
 30227 | Vaults:1 | 30227 ||| DROPPING +0 kite shield of reflection.
 30342 | Vaults:2 | 30342 ||| Stepping ~*~*~tactically~*~*~ (stealth).
 30425 | Vaults:2 | You are sucked into a shaft and drop 2 floors!
 30470 | Vaults:4 | 30470 ||| Stepping ~*~*~tactically~*~*~ (hiding).
 30496 | Vaults:4 | Received a gift from Okawaru
 30518 | Vaults:4 | 30518 ||| Stepping ~*~*~tactically~*~*~ (hiding).
 30519 | Vaults:4 | 30519 ||| Stepping ~*~*~tactically~*~*~ (hiding).
 30545 | Vaults:4 | 30545 ||| Stepping ~*~*~tactically~*~*~ (hiding).
 30671 | Vaults:3 | Received a gift from Okawaru
 30937 | Vaults:2 | 30937 ||| INVOKING Heroism.
 30938 | Vaults:2 | 30938 ||| INVOKING Finesse.
 31181 | Vaults:2 | Found a staircase to the Crypt.
 31182 | Vaults:2 | 31182 ||| Stepping ~*~*~tactically~*~*~ (hiding).
 31183 | Vaults:2 | 31183 ||| Stepping ~*~*~tactically~*~*~ (hiding).
 31184 | Vaults:2 | 31184 ||| Stepping ~*~*~tactically~*~*~ (hiding).
 31395 | Vaults:2 | 31395 ||| Stepping ~*~*~tactically~*~*~ (stealth).
 31434 | Vaults:2 | 31434 ||| Stepping ~*~*~tactically~*~*~ (hiding).
 31632 | Vaults:2 | 31632 ||| READING scroll of enchant weapon.
 31632 | Vaults:2 | 31632 ||| ENCHANTING +8 vampiric broad axe.
 31696 | Vaults:2 | 31696 ||| Stepping ~*~*~tactically~*~*~ (hiding).
 31697 | Vaults:2 | 31697 ||| Stepping ~*~*~tactically~*~*~ (hiding).
 31738 | Vaults:2 | 31738 ||| FLEEEEING.
 31739 | Vaults:2 | 31739 ||| FLEEEEING.
 31740 | Vaults:2 | 31740 ||| FLEEEEING.
 31741 | Vaults:2 | 31741 ||| FLEEEEING.
 31753 | Vaults:2 | 31753 ||| FLEEEEING.
 31754 | Vaults:2 | 31754 ||| FLEEEEING.
 31755 | Vaults:2 | 31755 ||| FLEEEEING.
 31756 | Vaults:2 | 31756 ||| FLEEEEING.
 31757 | Vaults:2 | 31757 ||| FLEEEEING.
 31758 | Vaults:2 | 31758 ||| FLEEEEING.
 31987 | Vaults:2 | 31987 ||| Stepping ~*~*~tactically~*~*~ (hiding).
 31988 | Vaults:2 | 31988 ||| Stepping ~*~*~tactically~*~*~ (hiding).
 32095 | Vaults:2 | 32095 ||| Stepping ~*~*~tactically~*~*~ (hiding).
 32098 | Vaults:2 | 32098 ||| Stepping ~*~*~tactically~*~*~ (hiding).
 32106 | Vaults:2 | Received a gift from Okawaru
 32118 | Vaults:2 | Reached skill level 18 in Fighting
 32307 | Vaults:3 | Received a gift from Okawaru
 32553 | Vaults:3 | Received a gift from Okawaru
 32586 | Vaults:3 | 32586 ||| Stepping ~*~*~tactically~*~*~ (stealth).
 32588 | Vaults:3 | 32588 ||| Stepping ~*~*~tactically~*~*~ (stealth).
 32598 | Vaults:3 | Reached XP level 20. HP: 136/136 MP: 27/27
 32648 | Vaults:3 | 32648 ||| Stepping ~*~*~tactically~*~*~ (stealth).
 32649 | Vaults:3 | 32649 ||| Stepping ~*~*~tactically~*~*~ (hiding).
 32650 | Vaults:3 | 32650 ||| Stepping ~*~*~tactically~*~*~ (hiding).
 32862 | Vaults:3 | 32862 ||| Stepping ~*~*~tactically~*~*~ (stealth).
 32866 | Vaults:3 | 32866 ||| Stepping ~*~*~tactically~*~*~ (stealth).
 32868 | Vaults:3 | 32868 ||| Stepping ~*~*~tactically~*~*~ (hiding).
 32872 | Vaults:3 | 32872 ||| Stepping ~*~*~tactically~*~*~ (hiding).
 32913 | Vaults:3 | 32913 ||| Stepping ~*~*~tactically~*~*~ (stealth).
 32916 | Vaults:3 | 32916 ||| Stepping ~*~*~tactically~*~*~ (hiding).
 33122 | Vaults:4 | 33122 ||| Stepping ~*~*~tactically~*~*~ (hiding).
 33124 | Vaults:4 | 33124 ||| Stepping ~*~*~tactically~*~*~ (hiding).
 33331 | Vaults:4 | Noticed Mennas
 33332 | Vaults:4 | 33332 ||| Stepping ~*~*~tactically~*~*~ (hiding).
 33344 | Vaults:4 | 33344 ||| INVOKING Heroism.
 33345 | Vaults:4 | 33345 ||| INVOKING Finesse.
 33392 | Vaults:4 | HP: 34/136 [Mennas/+3 trishula of holy wrath (20)]
 33393 | Vaults:4 | 33393 ||| DRINKING 2 potions of heal wounds.
 33394 | Vaults:4 | Killed Mennas
 33609 | Vaults:4 | Found a portal to a secret trove of treasure.
 33686 | Vaults:4 | 33686 ||| Stepping ~*~*~tactically~*~*~ (stealth).
 33688 | Vaults:4 | 33688 ||| Stepping ~*~*~tactically~*~*~ (stealth).
 33735 | Vaults:4 | 33735 ||| Stepping ~*~*~tactically~*~*~ (hiding).
 33889 | Vaults:4 | Received a gift from Okawaru
 33897 | Vaults:4 | 33897 ||| FLEEEEING.
 33898 | Vaults:4 | 33898 ||| FLEEEEING.
 33899 | Vaults:4 | 33899 ||| FLEEEEING.
 33902 | Vaults:4 | 33902 ||| Stepping ~*~*~tactically~*~*~ (hiding).
 34043 | Vaults:4 | Identified the +0 robe of the Present {Fly rElec rC+}
 34158 | Vaults:4 | 34158 ||| Stepping ~*~*~tactically~*~*~ (hiding).
 34160 | Vaults:4 | 34160 ||| Stepping ~*~*~tactically~*~*~ (hiding).
 34194 | Vaults:4 | 34194 ||| Stepping ~*~*~tactically~*~*~ (hiding).
 34200 | Vaults:4 | Received a gift from Okawaru
 34221 | Vaults:4 | 34221 ||| DROPPING +0 broad axe of freezing.
 34457 | Vaults:4 | 34457 ||| PLANNING SPIDER:4
 34457 | Vaults:4 | 34457 ||| UPGRADING to +0 tower shield.
 34467 | Vaults:4 | 34467 ||| DROPPING +2 kite shield.
 34758 | Spider:4 | Entered Level 4 of the Spider Nest
 34764 | Spider:4 | 34764 ||| Stepping ~*~*~tactically~*~*~ (hiding).
 34778 | Spider:4 | 34778 ||| Stepping ~*~*~tactically~*~*~ (stealth).
 34779 | Spider:4 | Noticed Aizul
 34783 | Spider:4 | 34783 ||| Stepping ~*~*~tactically~*~*~ (hiding).
 34802 | Spider:4 | Killed Aizul
 34911 | Spider:4 | 34911 ||| DRINKING 9 potions of curing.
 34911 | Spider:4 | 34911 ||| (to cure confusion)
 34946 | Spider:4 | 34946 ||| Stepping ~*~*~tactically~*~*~ (stealth).
 34976 | Spider:4 | 34976 ||| INVOKING Heroism.
 34996 | Spider:4 | 34996 ||| INVOKING Finesse.
 35056 | Spider:4 | 35056 ||| Stepping ~*~*~tactically~*~*~ (hiding).
 35070 | Spider:4 | 35070 ||| Stepping ~*~*~tactically~*~*~ (stealth).
 35233 | Spider:4 | Received a gift from Okawaru
 35484 | Spider:4 | 35484 ||| Stepping ~*~*~tactically~*~*~ (stealth).
 35486 | Spider:4 | 35486 ||| Stepping ~*~*~tactically~*~*~ (hiding).
 35511 | Spider:4 | 35511 ||| Stepping ~*~*~tactically~*~*~ (hiding).
 35512 | Spider:4 | 35512 ||| Stepping ~*~*~tactically~*~*~ (hiding).
 35513 | Spider:4 | 35513 ||| Stepping ~*~*~tactically~*~*~ (hiding).
 35528 | Spider:4 | 35528 ||| Stepping ~*~*~tactically~*~*~ (stealth).
 35529 | Spider:4 | 35529 ||| Stepping ~*~*~tactically~*~*~ (stealth).
 35531 | Spider:4 | 35531 ||| Stepping ~*~*~tactically~*~*~ (stealth).
 35535 | Spider:4 | 35535 ||| Stepping ~*~*~tactically~*~*~ (stealth).
 35536 | Spider:4 | 35536 ||| INVOKING Finesse.
 35537 | Spider:4 | 35537 ||| Stepping ~*~*~tactically~*~*~ (stealth).
 35538 | Spider:4 | 35538 ||| Stepping ~*~*~tactically~*~*~ (stealth).
 35554 | Spider:4 | 35554 ||| Stepping ~*~*~tactically~*~*~ (stealth).
 35556 | Spider:4 | 35556 ||| Stepping ~*~*~tactically~*~*~ (stealth).
 35558 | Spider:4 | 35558 ||| Stepping ~*~*~tactically~*~*~ (stealth).
 35559 | Spider:4 | 35559 ||| Stepping ~*~*~tactically~*~*~ (stealth).
 35560 | Spider:4 | 35560 ||| Stepping ~*~*~tactically~*~*~ (stealth).
 35565 | Spider:4 | 35565 ||| Stepping ~*~*~tactically~*~*~ (stealth).
 35903 | Spider:4 | 35903 ||| INVOKING Heroism.
 35922 | Spider:4 | Reached skill level 18 in Shields
 35950 | Spider:4 | Identified the +0 pair of gloves "Kuaqaot" {Will+} (Okawaru
                  | gifted it to you on level 4 of the Spider Nest)
 35950 | Spider:4 | Received a gift from Okawaru
 35953 | Spider:4 | Identified the -1 pair of boots of the Falcon {Str+3}
 35981 | Spider:4 | Got a gossamer rune of Zot
 36012 | Spider:4 | 36012 ||| PLANNING DEPTHS
 36012 | Spider:4 | 36012 ||| DROPPING +0 pair of gloves "Kuaqaot" {Will+}.
 36013 | Spider:4 | 36013 ||| DROPPING -1 pair of boots of the Falcon {Str+3}.
 36014 | Spider:4 | 36014 ||| DROPPING scarf of invisibility.
 36015 | Spider:4 | 36015 ||| DROPPING scarf of resistance.
 36281 | Depths:1 | Entered Level 1 of the Depths
 36323 | Depths:1 | 36323 ||| Stepping ~*~*~tactically~*~*~ (stealth).
 36325 | Depths:1 | 36325 ||| Stepping ~*~*~tactically~*~*~ (stealth).
 36327 | Depths:1 | 36327 ||| Stepping ~*~*~tactically~*~*~ (stealth).
 36334 | Depths:1 | 36334 ||| INVOKING Heroism.
 36335 | Depths:1 | 36335 ||| INVOKING Finesse.
 36355 | Depths:1 | 36355 ||| Stepping ~*~*~tactically~*~*~ (hiding).
 36358 | Depths:1 | 36358 ||| Stepping ~*~*~tactically~*~*~ (hiding).
 36362 | Depths:1 | 36362 ||| Stepping ~*~*~tactically~*~*~ (stealth).
 36470 | Depths:1 | 36470 ||| Stepping ~*~*~tactically~*~*~ (stealth).
 36477 | Depths:1 | 36477 ||| INVOKING Finesse.
 36520 | Depths:1 | Reached XP level 21. HP: 142/142 MP: 26/28
 36672 | Depths:1 | Found Qicistra's Jewellery Shoppe.
 36674 | Depths:1 | Found Ganoer's Weapon Emporium.
 36676 | Depths:1 | Found Ybahudit's Assorted Antiques.
 36680 | Depths:1 | 36680 ||| BUYING amulet of Yfehof {Acrobat +Inv Regen+
                  | Int-2 Dex+3} (1060 gold).
 36680 | Depths:1 | Bought the amulet of Yfehof {Acrobat +Inv Regen+ Int-2
                  | Dex+3} for 1060 gold pieces
 36680 | Depths:1 | 36680 ||| BUYING ring "Plog" {rC+ rN+ Int+6} (1246 gold).
 36680 | Depths:1 | Bought the ring "Plog" {rC+ rN+ Int+6} for 1246 gold pieces
 36680 | Depths:1 | 36680 ||| BUYING ring of protection from fire (575 gold).
 36680 | Depths:1 | Bought a ring of protection from fire for 575 gold pieces
 36680 | Depths:1 | 36680 ||| BUYING ring of resist corrosion (460 gold).
 36680 | Depths:1 | Bought a ring of resist corrosion for 460 gold pieces
 36682 | Depths:1 | 36682 ||| SHOPLISTING +6 war axe "Upleena" {spect, rC++
                  | Dex+2} (1213 gold, have 414).
 36684 | Depths:1 | 36684 ||| BUYING potion of attraction (147 gold).
 36684 | Depths:1 | Bought a potion of attraction for 147 gold pieces
 36739 | Depths:1 | Identified the +2 morningstar of Punishment {heavy, rElec
                  | rF- Str+2}
 36754 | Depths:1 | 36754 ||| Stepping ~*~*~tactically~*~*~ (stealth).
 36825 | Depths:1 | Found a gateway to Hell.
 36830 | Depths:1 | 36830 ||| Stepping ~*~*~tactically~*~*~ (hiding).
 36836 | Depths:1 | 36836 ||| Stepping ~*~*~tactically~*~*~ (hiding).
 36891 | Depths:1 | 36891 ||| Stepping ~*~*~tactically~*~*~ (stealth).
 36950 | Depths:1 | 36950 ||| Stepping ~*~*~tactically~*~*~ (stealth).
 36951 | Depths:1 | 36951 ||| Stepping ~*~*~tactically~*~*~ (stealth).
 36953 | Depths:1 | 36953 ||| Stepping ~*~*~tactically~*~*~ (hiding).
 37067 | Depths:1 | Found a white marble altar of Elyvilon.
 37093 | Depths:1 | Found Unwej's Magic Scroll Boutique.
 37428 | Depths:1 | 37428 ||| UPGRADING to amulet of Yfehof {Acrobat +Inv
                  | Regen+ Int-2 Dex+3}.
 37438 | Depths:1 | 37438 ||| DROPPING amulet of the acrobat.
 37439 | Depths:1 | 37439 ||| DROPPING ring of fire.
 37440 | Depths:1 | 37440 ||| DROPPING ring of ice.
 37630 | Depths:2 | Found a one-way gate to the infinite horrors of the Abyss.
 37700 | Depths:2 | 37700 ||| INVOKING Heroism.
 37804 | Depths:2 | 37804 ||| INVOKING Finesse.
 37837 | Depths:2 | 37837 ||| Stepping ~*~*~tactically~*~*~ (hiding).
 37839 | Depths:2 | 37839 ||| Stepping ~*~*~tactically~*~*~ (hiding).
 37911 | Depths:2 | 37911 ||| Stepping ~*~*~tactically~*~*~ (stealth).
 37987 | Depths:2 | 37987 ||| Stepping ~*~*~tactically~*~*~ (hiding).
 38013 | Depths:2 | Received a gift from Okawaru
 38014 | Depths:2 | 38014 ||| INVOKING Heroism.
 38040 | Depths:2 | 38040 ||| INVOKING Finesse.
 38177 | Depths:2 | Received a gift from Okawaru
 38304 | Depths:2 | 38304 ||| Stepping ~*~*~tactically~*~*~ (hiding).
 38551 | Depths:2 | 38551 ||| Stepping ~*~*~tactically~*~*~ (hiding).
 38560 | Depths:2 | Reached skill level 9 in Dodging
 38655 | Depths:3 | 38655 ||| INVOKING Finesse.
 38676 | Depths:3 | 38676 ||| INVOKING Heroism.
 38698 | Depths:3 | Reached skill level 19 in Fighting
 38743 | Depths:3 | 38743 ||| Stepping ~*~*~tactically~*~*~ (hiding).
 38932 | Depths:3 | 38932 ||| INVOKING Heroism.
 39005 | Depths:3 | 39005 ||| INVOKING Heroism.
 39011 | Depths:3 | Identified the +1 hat "Giwokiug" {rC+} (Okawaru gifted it
                  | to you on level 3 of the Depths)
 39011 | Depths:3 | Received a gift from Okawaru
 39087 | Depths:3 | Reached skill level 18 in Armour
 39282 | Depths:3 | Noticed a juggernaut
 39283 | Depths:3 | 39283 ||| INVOKING Heroism.
 39284 | Depths:3 | 39284 ||| INVOKING Finesse.
 39317 | Depths:3 | Reached XP level 22. HP: 149/149 MP: 23/29
 39318 | Depths:3 | Killed a juggernaut
 39436 | Depths:3 | Found Nagh's Jewellery Emporium.
 39436 | Depths:3 | Found Xoceod Deups's Book Shop.
 39438 | Depths:3 | Found Pioxze Oshim's Jewellery Emporium.
 39444 | Depths:3 | 39444 ||| SHOPLISTING +5 ring of evasion (576 gold, have
                  | 517).
 39444 | Depths:3 | 39444 ||| SHOPLISTING ring of Amorality {Fire Str+2} (579
                  | gold, have 517).
 39444 | Depths:3 | 39444 ||| BUYING ring of protection from fire (400 gold).
 39444 | Depths:3 | Bought a ring of protection from fire for 400 gold pieces
 39444 | Depths:3 | 39444 ||| SHOPLISTING ring of the Crown {Drain Fly rPois
                  | rCorr Stlth-} (443 gold, have 117).
 39444 | Depths:3 | 39444 ||| SHOPLISTING ring of the Shrike {rPois Will+ MP-9
                  | Slay+3 SInv} (408 gold, have 117).
 39448 | Depths:3 | 39448 ||| SHOPLISTING +5 ring of evasion (576 gold, have
                  | 117).
 39448 | Depths:3 | 39448 ||| SHOPLISTING ring "Gaocvele" {Wiz rC+ Int+3
                  | Stlth+} (849 gold, have 117).
 39537 | Depths:3 | 39537 ||| DROPPING ring of fire.
 39541 | Depths:4 | Entered Level 4 of the Depths
 39545 | Depths:4 | 39545 ||| INVOKING Heroism.
 39585 | Depths:4 | 39585 ||| STAIRDANCE
 39641 | Depths:4 | 39641 ||| Stepping ~*~*~tactically~*~*~ (hiding).
 39642 | Depths:4 | 39642 ||| Stepping ~*~*~tactically~*~*~ (hiding).
 39643 | Depths:4 | 39643 ||| Stepping ~*~*~tactically~*~*~ (hiding).
 39644 | Depths:4 | 39644 ||| Stepping ~*~*~tactically~*~*~ (hiding).
 39662 | Depths:4 | 39662 ||| Stepping ~*~*~tactically~*~*~ (hiding).
 39663 | Depths:4 | 39663 ||| Stepping ~*~*~tactically~*~*~ (hiding).
 39664 | Depths:4 | 39664 ||| Stepping ~*~*~tactically~*~*~ (hiding).
 39674 | Depths:4 | 39674 ||| INVOKING Heroism.
 39755 | Depths:4 | Noticed a golden dragon
 39756 | Depths:4 | 39756 ||| INVOKING Heroism.
 39757 | Depths:4 | 39757 ||| INVOKING Finesse.
 39766 | Depths:4 | Killed a golden dragon
 39802 | Depths:4 | 39802 ||| Stepping ~*~*~tactically~*~*~ (stealth).
 39803 | Depths:4 | 39803 ||| Stepping ~*~*~tactically~*~*~ (stealth).
 39812 | Depths:4 | 39812 ||| Stepping ~*~*~tactically~*~*~ (hiding).
 39890 | Depths:4 | 39890 ||| Stepping ~*~*~tactically~*~*~ (hiding).
 39963 | Depths:4 | Found a gate to the Realm of Zot.
 39964 | Depths:4 | 39964 ||| INVOKING Heroism.
 39989 | Depths:4 | Reached skill level 20 in Fighting
 40117 | Depths:4 | Noticed Vv
 40118 | Depths:4 | 40118 ||| DRINKING 2 potions of resistance.
 40119 | Depths:4 | 40119 ||| INVOKING Heroism.
 40170 | Depths:4 | HP: 29/152 [naga warrior/+0 glaive (20)]
 40171 | Depths:4 | 40171 ||| READING 16 scrolls of teleportation.
 40172 | Depths:4 | 40172 ||| DRINKING 4 potions of heal wounds.
 40173 | Depths:4 | 40173 ||| INVOKING Heroism.
 40293 | Depths:4 | 40293 ||| INVOKING Heroism.
 40364 | Depths:4 | 40364 ||| Stepping ~*~*~tactically~*~*~ (hiding).
 40373 | Depths:4 | Received a gift from Okawaru
 40375 | Depths:4 | 40375 ||| Stepping ~*~*~tactically~*~*~ (hiding).
 40378 | Depths:4 | 40378 ||| Stepping ~*~*~tactically~*~*~ (stealth).
 40380 | Depths:4 | 40380 ||| Stepping ~*~*~tactically~*~*~ (stealth).
 40396 | Depths:4 | 40396 ||| INVOKING Heroism.
 40448 | Depths:4 | 40448 ||| Stepping ~*~*~tactically~*~*~ (stealth).
 40451 | Depths:4 | 40451 ||| Stepping ~*~*~tactically~*~*~ (stealth).
 40487 | Depths:4 | Found a one-way gateway to a ziggurat.
 40694 | Depths:4 | Received a gift from Okawaru
 40704 | Depths:4 | 40704 ||| DRINKING 2 potions of resistance.
 40705 | Depths:4 | 40705 ||| INVOKING Heroism.
 40743 | Depths:4 | HP: 31/152 [nagaraja/+0 halberd (31)]
 40744 | Depths:4 | 40744 ||| READING 15 scrolls of teleportation.
 40745 | Depths:4 | 40745 ||| DRINKING 3 potions of heal wounds.
 40904 | Depths:4 | 40904 ||| Stepping ~*~*~tactically~*~*~ (stealth).
 40910 | Depths:4 | 40910 ||| Stepping ~*~*~tactically~*~*~ (hiding).
 40916 | Depths:4 | 40916 ||| Stepping ~*~*~tactically~*~*~ (hiding).
 40939 | Depths:4 | 40939 ||| Stepping ~*~*~tactically~*~*~ (hiding).
 40940 | Depths:4 | 40940 ||| DRINKING potion of resistance.
 40942 | Depths:4 | 40942 ||| INVOKING Heroism.
 40956 | Depths:4 | Killed Vv
 40966 | Depths:4 | 40966 ||| Stepping ~*~*~tactically~*~*~ (hiding).
 41045 | Depths:4 | 41045 ||| Stepping ~*~*~tactically~*~*~ (hiding).
 41052 | Depths:4 | Reached skill level 21 in Shields
 41235 | Depths:4 | 41235 ||| PLANNING VAULTS:5
 41235 | Depths:4 | 41235 ||| DROPPING +0 cloak.
 41236 | Depths:4 | 41236 ||| DROPPING +2 helmet.
 41534 | Vaults:5 | Entered Level 5 of the Vaults
 41534 | Vaults:5 | Noticed a golden dragon
 41535 | Vaults:5 | 41535 ||| INVOKING Heroism.
 41549 | Vaults:5 | 41549 ||| INVOKING Finesse.
 41573 | Vaults:5 | Reached XP level 23. HP: 159/159 MP: 25/30
 41574 | Vaults:5 | Identified the +2 pair of boots of Fadarphec {+Inv Will+
                  | Slay+2} (Okawaru gifted it to you on level 5 of the Vaults)
 41574 | Vaults:5 | Received a gift from Okawaru
 41579 | Vaults:5 | Reached skill level 21 in Fighting
 41586 | Vaults:5 | 41586 ||| INVOKING Heroism.
 41587 | Vaults:5 | Killed a golden dragon
 41603 | Vaults:5 | 41603 ||| INVOKING Finesse.
 41717 | Vaults:5 | Noticed an ancient lich
 41718 | Vaults:5 | 41718 ||| INVOKING Heroism.
 41731 | Vaults:5 | Killed an ancient lich
 41824 | Vaults:5 | 41824 ||| INVOKING Heroism.
 41836 | Vaults:5 | Noticed an ancient lich
 41845 | Vaults:5 | Reached skill level 12 in Throwing
 41856 | Vaults:5 | Killed an ancient lich
 41934 | Vaults:5 | Got a silver rune of Zot
 42042 | Vaults:5 | 42042 ||| INVOKING Heroism.
 42105 | Vaults:5 | 42105 ||| INVOKING Heroism.
 42151 | Vaults:5 | 42151 ||| INVOKING Heroism.
 42320 | Vaults:5 | Identified the +6 battleaxe "Magut" {antimagic, rPois}
 42341 | Vaults:5 | 42341 ||| INVOKING Heroism.
 42356 | Vaults:5 | 42356 ||| Stepping ~*~*~tactically~*~*~ (hiding).
 42357 | Vaults:5 | 42357 ||| Stepping ~*~*~tactically~*~*~ (hiding).
 42438 | Vaults:5 | 42438 ||| INVOKING Heroism.
 42703 | Vaults:5 | 42703 ||| Stepping ~*~*~tactically~*~*~ (hiding).
 42715 | Vaults:5 | 42715 ||| Stepping ~*~*~tactically~*~*~ (hiding).
 42717 | Vaults:5 | 42717 ||| Stepping ~*~*~tactically~*~*~ (hiding).
 42818 | Vaults:5 | 42818 ||| Stepping ~*~*~tactically~*~*~ (stealth).
 42828 | Vaults:5 | 42828 ||| Stepping ~*~*~tactically~*~*~ (stealth).
 42830 | Vaults:5 | Noticed a golden dragon
 42831 | Vaults:5 | 42831 ||| Stepping ~*~*~tactically~*~*~ (hiding).
 42838 | Vaults:5 | 42838 ||| INVOKING Heroism.
 42846 | Vaults:5 | Killed a golden dragon
 42854 | Vaults:5 | 42854 ||| Stepping ~*~*~tactically~*~*~ (hiding).
 42876 | Vaults:5 | Found Ummaemaal's Assorted Antiques.
 42877 | Vaults:5 | Found the +5 scythe "Finisher" {speed, execute}
 42901 | Vaults:5 | 42901 ||| BUYING fizzy red potion (43 gold).
 42901 | Vaults:5 | Bought a fizzy red potion for 43 gold pieces
 42901 | Vaults:5 | 42901 ||| BUYING potion of might (192 gold).
 42901 | Vaults:5 | Bought a potion of might for 192 gold pieces
 42901 | Vaults:5 | 42901 ||| BUYING scroll of enchant weapon (360 gold).
 42901 | Vaults:5 | Bought a scroll of enchant weapon for 360 gold pieces
 43010 | Vaults:5 | Identified the ring of Xaonleirr {rC+ rN+ Str+3 SInv}
 43023 | Vaults:5 | 43023 ||| READING scroll of acquirement.
 43023 | Vaults:5 | 43023 ||| ACQUIRING +0 chain mail of Autotheism {Drain
                  | rCorr Dex+8 Stlth-}
 43023 | Vaults:5 | Acquired the +0 chain mail of Autotheism {Drain rCorr Dex+8
                  | Stlth-}
 43025 | Vaults:5 | 43025 ||| DROPPING +0 acid dragon scales.
 43086 | Vaults:5 | Identified the ring of Datresk {Will+ Str-3 Int+6 Dex+4
                  | Stlth+}
 43111 | Vaults:5 | 43111 ||| INVOKING Heroism.
 43129 | Vaults:5 | Received a gift from Okawaru
 43150 | Vaults:5 | 43150 ||| Stepping ~*~*~tactically~*~*~ (stealth).
 43330 | Vaults:5 | 43330 ||| PLANNING SHOPPING SPREE
 43330 | Vaults:5 | 43330 ||| DROPPING amulet of reflection.
 43331 | Vaults:5 | 43331 ||| DROPPING ring of see invisible.
 43332 | Vaults:5 | 43332 ||| DROPPING ring "Voniydom" {rN+ SInv}.
 43333 | Vaults:5 | 43333 ||| DROPPING ring of Datresk {Will+ Str-3 Int+6 Dex+4
                  | Stlth+}.
 43334 | Vaults:5 | 43334 ||| DRINKING 2 fizzy red potions.
 43335 | Vaults:5 | 43335 ||| DROPPING potion of invisibility.
 43619 | Depths:3 | 43619 ||| BUYING +5 ring of evasion (576 gold).
 43619 | Depths:3 | Bought a +5 ring of evasion for 576 gold pieces
 43619 | Depths:3 | 43619 ||| BUYING ring of Amorality {Fire Str+2} (579 gold).
 43619 | Depths:3 | Bought the ring of Amorality {Fire Str+2} for 579 gold
                  | pieces
 43619 | Depths:3 | 43619 ||| BUYING ring of the Shrike {rPois Will+ MP-9
                  | Slay+3 SInv} (408 gold).
 43619 | Depths:3 | Bought the ring of the Shrike {rPois Will+ MP-9 Slay+3
                  | SInv} for 408 gold pieces
 43619 | Depths:3 | 43619 ||| DROPPING +4 ring of protection.
 43624 | Depths:3 | 43624 ||| CLEARING SHOPPING LIST
 43624 | Depths:3 | 43624 ||| PLANNING ZOT:1-4
 43680 | Zot:1    | Entered Level 1 of the Realm of Zot
 43681 | Zot:1    | 43681 ||| INVOKING Heroism.
 43755 | Zot:1    | 43755 ||| Stepping ~*~*~tactically~*~*~ (hiding).
 43890 | Zot:1    | Noticed an orb of fire
 43896 | Zot:1    | 43896 ||| INVOKING Heroism.
 43905 | Zot:1    | Gained mutation: You are dopey. (Int -2) [an orb of fire]
 43912 | Zot:1    | Killed an orb of fire
 43917 | Zot:1    | Reached skill level 22 in Fighting
 43922 | Zot:1    | Noticed a golden dragon
 43923 | Zot:1    | 43923 ||| Stepping ~*~*~tactically~*~*~ (hiding).
 43926 | Zot:1    | 43926 ||| Stepping ~*~*~tactically~*~*~ (hiding).
 43938 | Zot:1    | Killed a golden dragon
 44052 | Zot:1    | 44052 ||| INVOKING Heroism.
 44096 | Zot:1    | Received a gift from Okawaru
 44285 | Zot:1    | 44285 ||| INVOKING Heroism.
 44381 | Zot:1    | 44381 ||| UPGRADING to +5 ring of evasion.
 44383 | Zot:1    | 44383 ||| UPGRADING to ring "Plog" {rC+ rN+ Int+6}.
 44433 | Zot:2    | 44433 ||| INVOKING Heroism.
 44439 | Zot:2    | Noticed a Killer Klown
 44462 | Zot:2    | Killed a Killer Klown
 44463 | Zot:2    | Reached XP level 24. HP: 168/168 MP: 30/30
 44482 | Zot:2    | 44482 ||| Stepping ~*~*~tactically~*~*~ (hiding).
 44492 | Zot:2    | 44492 ||| Stepping ~*~*~tactically~*~*~ (hiding).
 44515 | Zot:2    | 44515 ||| INVOKING Heroism.
 44534 | Zot:2    | 44534 ||| INVOKING Heroism.
 44670 | Zot:2    | 44670 ||| Stepping ~*~*~tactically~*~*~ (hiding).
 44674 | Zot:2    | 44674 ||| INVOKING Heroism.
 44811 | Zot:2    | Received a gift from Okawaru
 44812 | Zot:2    | Reached skill level 21 in Armour
 44984 | Zot:2    | 44984 ||| INVOKING Heroism.
 44990 | Zot:2    | Noticed an orb of fire
 45003 | Zot:2    | Gained mutation: You have a pair of small horns on your
                  | head. [an orb of fire]
 45013 | Zot:2    | HP: 35/167 [orb of fire/fireball (23)]
 45014 | Zot:2    | 45014 ||| READING 20 scrolls of teleportation.
 45015 | Zot:2    | 45015 ||| DRINKING 3 potions of heal wounds.
 45017 | Zot:2    | 45017 ||| DRINKING 2 potions of heal wounds.
 45133 | Zot:2    | 45133 ||| Stepping ~*~*~tactically~*~*~ (stealth).
 45145 | Zot:2    | 45145 ||| Stepping ~*~*~tactically~*~*~ (stealth).
 45305 | Zot:2    | 45305 ||| Stepping ~*~*~tactically~*~*~ (stealth).
 45308 | Zot:2    | 45308 ||| Stepping ~*~*~tactically~*~*~ (hiding).
 45310 | Zot:2    | 45310 ||| INVOKING Heroism.
 45313 | Zot:2    | Gained mutation: Your body sometimes deteriorates upon
                  | taking damage. [an orb of fire]
 45319 | Zot:2    | Lost mutation: You are agile. (Dex +4, Str/Int -1) [an orb
                  | of fire]
 45325 | Zot:2    | Killed an orb of fire
 45469 | Zot:2    | 45469 ||| UPGRADING to +1 hat "Giwokiug" {rC+}.
 45474 | Zot:2    | 45474 ||| DROPPING +2 helmet "Teddoq" {+Inv rPois Int+2}.
 45518 | Zot:3    | Received a gift from Okawaru
 45535 | Zot:3    | Found a runed translucent gate.
 45535 | Zot:3    | Found a runed translucent gate.
 45535 | Zot:3    | Found a runed translucent gate.
 45538 | Zot:3    | Noticed an orb of fire
 45540 | Zot:3    | Noticed a curse toe
 45542 | Zot:3    | Noticed qw's ghost (veteran GrFi)
 45552 | Zot:3    | 45552 ||| Stepping ~*~*~tactically~*~*~ (stealth).
 45590 | Zot:3    | 45590 ||| Stepping ~*~*~tactically~*~*~ (stealth).
 45650 | Zot:3    | 45650 ||| Stepping ~*~*~tactically~*~*~ (stealth).
 45757 | Zot:3    | Noticed a curse toe
 45758 | Zot:3    | 45758 ||| INVOKING Heroism.
 45763 | Zot:3    | 45763 ||| Stepping ~*~*~tactically~*~*~ (hiding).
 45764 | Zot:3    | 45764 ||| Stepping ~*~*~tactically~*~*~ (hiding).
 45776 | Zot:3    | Killed a curse toe
 45821 | Zot:3    | 45821 ||| INVOKING Heroism.
 45823 | Zot:3    | 45823 ||| Stepping ~*~*~tactically~*~*~ (hiding).
 45957 | Zot:3    | 45957 ||| Stepping ~*~*~tactically~*~*~ (hiding).
 45958 | Zot:3    | 45958 ||| INVOKING Heroism.
 46014 | Zot:3    | 46014 ||| INVOKING Heroism.
 46162 | Zot:3    | 46162 ||| Stepping ~*~*~tactically~*~*~ (hiding).
 46183 | Zot:3    | Reached skill level 23 in Fighting
 46348 | Zot:3    | Noticed a Killer Klown
 46349 | Zot:3    | 46349 ||| Stepping ~*~*~tactically~*~*~ (hiding).
 46350 | Zot:3    | 46350 ||| Stepping ~*~*~tactically~*~*~ (hiding).
 46353 | Zot:3    | 46353 ||| INVOKING Heroism.
 46365 | Zot:3    | 46365 ||| Stepping ~*~*~tactically~*~*~ (hiding).
 46374 | Zot:3    | 46374 ||| Stepping ~*~*~tactically~*~*~ (hiding).
 46379 | Zot:3    | 46379 ||| INVOKING Heroism.
 46386 | Zot:3    | Killed a Killer Klown
 46431 | Zot:3    | 46431 ||| Stepping ~*~*~tactically~*~*~ (stealth).
 46716 | Zot:3    | 46716 ||| Stepping ~*~*~tactically~*~*~ (hiding).
 46718 | Zot:3    | 46718 ||| Stepping ~*~*~tactically~*~*~ (hiding).
 46799 | Zot:3    | 46799 ||| INVOKING Heroism.
 47032 | Zot:3    | 47032 ||| Stepping ~*~*~tactically~*~*~ (hiding).
 47041 | Zot:3    | 47041 ||| INVOKING Heroism.
 47045 | Zot:3    | Received a gift from Okawaru
 47270 | Zot:4    | 47270 ||| Stepping ~*~*~tactically~*~*~ (hiding).
 47275 | Zot:4    | 47275 ||| INVOKING Heroism.
 47303 | Zot:4    | 47303 ||| Stepping ~*~*~tactically~*~*~ (stealth).
 47321 | Zot:4    | 47321 ||| Stepping ~*~*~tactically~*~*~ (hiding).
 47323 | Zot:4    | 47323 ||| Stepping ~*~*~tactically~*~*~ (hiding).
 47364 | Zot:4    | Noticed a curse toe
 47365 | Zot:4    | 47365 ||| INVOKING Heroism.
 47397 | Zot:4    | Killed a curse toe
 47422 | Zot:4    | 47422 ||| Stepping ~*~*~tactically~*~*~ (stealth).
 47510 | Zot:4    | Received a gift from Okawaru
 47611 | Zot:4    | 47611 ||| Stepping ~*~*~tactically~*~*~ (hiding).
 47707 | Zot:4    | 47707 ||| INVOKING Heroism.
 47724 | Zot:4    | Noticed a curse toe
 47725 | Zot:4    | 47725 ||| Stepping ~*~*~tactically~*~*~ (hiding).
 47739 | Zot:4    | Killed a curse toe
 47831 | Zot:4    | 47831 ||| INVOKING Heroism.
 47847 | Zot:4    | Reached skill level 24 in Fighting
 48004 | Zot:4    | Noticed a curse toe
 48005 | Zot:4    | 48005 ||| INVOKING Heroism.
 48047 | Zot:4    | Killed a curse toe
 48151 | Zot:4    | 48151 ||| PLANNING SLIME:5
 48151 | Zot:4    | 48151 ||| UPGRADING to +2 pair of boots of Fadarphec {+Inv
                  | Will+ Slay+2}.
 48161 | Zot:4    | 48161 ||| UPGRADING to +2 cloak.
 48171 | Zot:4    | 48171 ||| UPGRADING to +0 chain mail of Autotheism {Drain
                  | rCorr Dex+8 Stlth-}.
 48181 | Zot:4    | 48181 ||| UPGRADING to ring "Fulais" {rElec rF- rC+ rN+
                  | Dex+2 Slay+4}.
 48183 | Zot:4    | 48183 ||| UPGRADING to +5 ring of evasion.
 48542 | Slime:1  | Entered Level 1 of the Pits of Slime
 48584 | Slime:1  | Reached XP level 25. HP: 178/178 MP: 30/30
 48668 | Slime:2  | 48668 ||| INVOKING Heroism.
 48724 | Slime:4  | 48724 ||| STAIRDANCE
 48731 | Slime:3  | Received a gift from Okawaru
 48734 | Slime:4  | 48734 ||| STAIRDANCE
 48745 | Slime:4  | 48745 ||| STAIRDANCE
 48771 | Slime:5  | Entered Level 5 of the Pits of Slime
 48772 | Slime:5  | 48772 ||| STAIRDANCE
 48777 | Slime:5  | 48777 ||| STAIRDANCE
 48786 | Slime:5  | 48786 ||| STAIRDANCE
 48790 | Slime:5  | 48790 ||| STAIRDANCE
 48795 | Slime:5  | 48795 ||| STAIRDANCE
 48799 | Slime:5  | 48799 ||| STAIRDANCE
 48832 | Slime:5  | 48832 ||| INVOKING Heroism.
 48832 | Slime:5  | Paralysed by a floating eye for 4 turns
 48833 | Slime:5  | Noticed the Royal Jelly
 48841 | Slime:5  | Paralysed by a floating eye for 3 turns
 48845 | Slime:5  | 48845 ||| READING 19 scrolls of teleportation.
 49030 | Slime:5  | 49030 ||| INVOKING Heroism.
 49061 | Slime:5  | Found a viscous altar of Jiyva.
 49088 | Slime:5  | 49088 ||| INVOKING Heroism.
 49094 | Slime:5  | Reached skill level 12 in Dodging
 49121 | Slime:5  | 49121 ||| INVOKING Heroism.
 49142 | Slime:5  | Killed the Royal Jelly
 49209 | Slime:5  | Found the +3 Elemental Staff {rElec rF+ rC+ AC+3}
 49227 | Slime:5  | Identified the +4 quarterstaff of the Eleven Mystics
                  | {venom, Int+3}
 49247 | Slime:5  | Got a slimy rune of Zot
 49536 | Slime:5  | 49536 ||| PLANNING THE SHINING ONE WORSHIP
 49536 | Slime:5  | 49536 ||| DROPPING +2 pair of gloves.
 49537 | Slime:5  | 49537 ||| UPGRADING to +9 plate armour "Ewel" {rPois rF+
                  | Int-5 SInv}.
 49547 | Slime:5  | 49547 ||| DROPPING +0 chain mail of Autotheism {Drain rCorr
                  | Dex+8 Stlth-}.
 49548 | Slime:5  | 49548 ||| UPGRADING to ring of the Shrike {rPois Will+ MP-9
                  | Slay+3 SInv}.
 49550 | Slime:5  | 49550 ||| UPGRADING to ring "Plog" {rC+ rN+ Int+6}.
 49592 | Slime:5  | 49592 ||| DROPPING ring of resist corrosion.
 49593 | Slime:5  | 49593 ||| DROPPING ring of resist corrosion.
 49852 | D:14     | Fell from the grace of Okawaru
 49852 | D:14     | Became a worshipper of the Shining One
 49852 | D:14     | 49852 ||| PLANNING CRYPT
 49990 | Crypt:1  | Entered Level 1 of the Crypt
 49993 | Crypt:1  | Was placed under penance by the Shining One
 49997 | Crypt:1  | Fell from the grace of the Shining One
 50196 | Crypt:1  | 50196 ||| PLANNING OKAWARU WORSHIP
 50196 | Crypt:1  | 50196 ||| DROPPING +0 hand axe.
 50197 | Crypt:1  | 50197 ||| DROPPING 4 potions of magic.
 50205 | Crypt:1  | 50205 ||| Stepping ~*~*~tactically~*~*~ (stealth).
 50429 | Temple   | Became a worshipper of Warmaster Okawaru
 50429 | Temple   | 50429 ||| PLANNING CRYPT
 50827 | Crypt:1  | 50827 ||| Stepping ~*~*~tactically~*~*~ (stealth).
 50829 | Crypt:1  | 50829 ||| Stepping ~*~*~tactically~*~*~ (hiding).
 51152 | Crypt:2  | 51152 ||| Stepping ~*~*~tactically~*~*~ (stealth).
 51153 | Crypt:2  | 51153 ||| Stepping ~*~*~tactically~*~*~ (stealth).
 51270 | Crypt:2  | 51270 ||| Stepping ~*~*~tactically~*~*~ (stealth).
 51288 | Crypt:2  | 51288 ||| Stepping ~*~*~tactically~*~*~ (hiding).
 51344 | Crypt:2  | 51344 ||| Stepping ~*~*~tactically~*~*~ (hiding).
 51345 | Crypt:2  | 51345 ||| Stepping ~*~*~tactically~*~*~ (hiding).
 51346 | Crypt:2  | 51346 ||| Stepping ~*~*~tactically~*~*~ (hiding).
 51347 | Crypt:2  | 51347 ||| Stepping ~*~*~tactically~*~*~ (hiding).
 51444 | Crypt:2  | 51444 ||| Stepping ~*~*~tactically~*~*~ (stealth).
 51445 | Crypt:2  | 51445 ||| Stepping ~*~*~tactically~*~*~ (stealth).
 51481 | Crypt:2  | 51481 ||| INVOKING Heroism.
 51625 | Crypt:2  | Reached skill level 25 in Fighting
 51689 | Crypt:2  | Found a runed translucent gate.
 51690 | Crypt:2  | Found a runed translucent gate.
 51691 | Crypt:2  | Found a runed translucent gate.
 51692 | Crypt:2  | Noticed Teduw's ghost (veteran MiGl)
 51720 | Crypt:2  | 51720 ||| FLEEEEING.
 51721 | Crypt:2  | 51721 ||| FLEEEEING.
 51722 | Crypt:2  | 51722 ||| FLEEEEING.
 51723 | Crypt:2  | 51723 ||| FLEEEEING.
 51724 | Crypt:2  | 51724 ||| FLEEEEING.
 51725 | Crypt:2  | 51725 ||| FLEEEEING.
 51726 | Crypt:2  | 51726 ||| FLEEEEING.
 51948 | Crypt:2  | Found an ancient bone altar of Kikubaaqudgha.
 52133 | Crypt:3  | Entered Level 3 of the Crypt
 52154 | Crypt:3  | 52154 ||| STAIRDANCE
 52349 | Crypt:3  | 52349 ||| Stepping ~*~*~tactically~*~*~ (stealth).
 52408 | Crypt:3  | 52408 ||| Stepping ~*~*~tactically~*~*~ (hiding).
 52409 | Crypt:3  | 52409 ||| Stepping ~*~*~tactically~*~*~ (hiding).
 52412 | Crypt:3  | 52412 ||| Stepping ~*~*~tactically~*~*~ (hiding).
 52413 | Crypt:3  | 52413 ||| INVOKING Heroism.
 52439 | Crypt:3  | Reached XP level 26. HP: 175/188 MP: 30/30
 52620 | Crypt:3  | 52620 ||| Stepping ~*~*~tactically~*~*~ (stealth).
 52656 | Crypt:3  | Reached skill level 26 in Fighting
 52867 | Crypt:3  | Found a staircase to the Tomb.
 53043 | Crypt:3  | 53043 ||| READING scroll of acquirement.
 53043 | Crypt:3  | 53043 ||| ACQUIRING 643 gold pieces
 53043 | Crypt:3  | Acquired 643 gold pieces
 53396 | Crypt:3  | Noticed a dread lich
 53397 | Crypt:3  | 53397 ||| INVOKING Heroism.
 53415 | Crypt:3  | Killed a dread lich
 53462 | Crypt:3  | Identified the ring of Wiagg {Int+6 Dex+4}
 53788 | Crypt:3  | 53788 ||| PLANNING TOMB
 53788 | Crypt:3  | 53788 ||| DROPPING scarf of harm.
 53789 | Crypt:3  | 53789 ||| DROPPING +1 pair of boots.
 53790 | Crypt:3  | 53790 ||| DROPPING ring of Wiagg {Int+6 Dex+4}.
 53867 | Tomb:1   | Entered Level 1 of the Tomb of the Ancients
 53886 | Tomb:1   | Received a gift from Okawaru
 53996 | Tomb:1   | Paralysed by a sphinx for 5 turns
 54143 | Tomb:1   | 54143 ||| INVOKING Heroism.
 54390 | Tomb:1   | Noticed a royal mummy
 54391 | Tomb:1   | 54391 ||| INVOKING Heroism.
 54403 | Tomb:1   | Reached skill level 27 in Fighting
 54414 | Tomb:1   | HP: 38/192 [death scarab[a royal mummy] (18)]
 54415 | Tomb:1   | 54415 ||| READING 21 scrolls of teleportation.
 54416 | Tomb:1   | 54416 ||| DRINKING potion of heal wounds.
 54428 | Tomb:1   | 54428 ||| Stepping ~*~*~tactically~*~*~ (stealth).
 54453 | Tomb:1   | 54453 ||| INVOKING Heroism.
 54474 | Tomb:1   | HP: 48/193 [torment (11)]
 54598 | Tomb:1   | Noticed a royal mummy
 54599 | Tomb:1   | 54599 ||| INVOKING Heroism.
 54614 | Tomb:1   | Killed a royal mummy
 54707 | Tomb:1   | 54707 ||| Stepping ~*~*~tactically~*~*~ (stealth).
 54709 | Tomb:1   | 54709 ||| Stepping ~*~*~tactically~*~*~ (hiding).
 54711 | Tomb:1   | 54711 ||| Stepping ~*~*~tactically~*~*~ (hiding).
 54712 | Tomb:1   | 54712 ||| Stepping ~*~*~tactically~*~*~ (hiding).
 54714 | Tomb:1   | 54714 ||| Stepping ~*~*~tactically~*~*~ (hiding).
 54720 | Tomb:1   | 54720 ||| INVOKING Heroism.
 54771 | Tomb:1   | 54771 ||| Stepping ~*~*~tactically~*~*~ (hiding).
 54772 | Tomb:1   | 54772 ||| Stepping ~*~*~tactically~*~*~ (hiding).
 54774 | Tomb:1   | 54774 ||| Stepping ~*~*~tactically~*~*~ (hiding).
 54776 | Tomb:1   | 54776 ||| Stepping ~*~*~tactically~*~*~ (hiding).
 54779 | Tomb:1   | 54779 ||| INVOKING Heroism.
 54830 | Tomb:1   | 54830 ||| INVOKING Heroism.
 54878 | Tomb:1   | 54878 ||| Stepping ~*~*~tactically~*~*~ (stealth).
 54880 | Tomb:1   | 54880 ||| INVOKING Heroism.
 54881 | Tomb:1   | Identified the +7 steam dragon scales of the Stars {Will+
                  | Dex+5}
 54885 | Tomb:1   | Noticed a royal mummy
 54908 | Tomb:1   | 54908 ||| INVOKING Heroism.
 54908 | Tomb:1   | HP: 47/191 [??? (10)]
 54909 | Tomb:1   | 54909 ||| READING 20 scrolls of teleportation.
 54911 | Tomb:1   | Killed a royal mummy
 55052 | Tomb:1   | Noticed a royal mummy
 55052 | Tomb:1   | Noticed a royal mummy
 55053 | Tomb:1   | 55053 ||| INVOKING Heroism.
 55062 | Tomb:1   | HP: 43/193 [??? (10)]
 55063 | Tomb:1   | 55063 ||| READING 19 scrolls of teleportation.
 55065 | Tomb:1   | Killed a royal mummy
 55065 | Tomb:1   | HP: 15/193 [something (31)]
 55241 | Tomb:1   | Received a gift from Okawaru
 55388 | Tomb:1   | 55388 ||| Stepping ~*~*~tactically~*~*~ (stealth).
 55390 | Tomb:1   | 55390 ||| INVOKING Heroism.
 55401 | Tomb:1   | Killed a royal mummy
 55411 | Tomb:1   | Killed a royal mummy
 55905 | Tomb:1   | 55905 ||| PLANNING TOMB
 55909 | Tomb:1   | 55909 ||| Traversal map at 0,0 (floor)
 55909 | Tomb:1   | 55909 ||| ....... .........
 55909 | Tomb:1   | 55909 ||| . ... . .........
 55909 | Tomb:1   | 55909 ||| ....... .........
 55909 | Tomb:1   | 55909 ||| ....... .........
 55909 | Tomb:1   | 55909 ||| . ... . .........
 55909 | Tomb:1   | 55909 ||| ....... .........
 55909 | Tomb:1   | 55909 ||| ..... .........
 55909 | Tomb:1   | 55909 ||| ....... .........
 55909 | Tomb:1   | 55909 ||| ........................... .........
 55909 | Tomb:1   | 55909 ||| ........ ... ............ . .........
 55909 | Tomb:1   | 55909 ||| ........................... .........
 55909 | Tomb:1   | 55909 ||| ... ... .........
 55909 | Tomb:1   | 55909 ||| ........ ... .......#.. ... .........
 55909 | Tomb:1   | 55909 ||| ........ ... .......... ... .........
 55909 | Tomb:1   | 55909 ||| ........ ... .......... ... .........
 55909 | Tomb:1   | 55909 ||| .. ... ... ... .. ... ... .........
 55909 | Tomb:1   | 55909 ||| . .. ... ... ... .. ... ... .........
 55909 | Tomb:1   | 55909 ||| . .. . . ... . . .. ..... . .........
 55909 | Tomb:1   | 55909 ||| . .. ... ... ... .. ... ... .........
 55909 | Tomb:1   | 55909 ||| . ... ... ... ... ... .........
 55909 | Tomb:1   | 55909 ||| ........ ... ... ...@.. ... .........
 55909 | Tomb:1   | 55909 ||| ........ ... ... ...... ... .........
 55909 | Tomb:1   | 55909 ||| ........ ... ... ...... ... .........
 55909 | Tomb:1   | 55909 ||| ... .........
 55909 | Tomb:1   | 55909 ||| ........#.................. .........
 55909 | Tomb:1   | 55909 ||| ........ ... ............ . .........
 55909 | Tomb:1   | 55909 ||| ........................... .........
 55909 | Tomb:1   | 55909 ||| .........
 55909 | Tomb:1   | 55909 ||| .........
 55909 | Tomb:1   | 55909 ||| .........
 55909 | Tomb:1   | 55909 ||| .........
 55909 | Tomb:1   | 55909 ||| .........
 55909 | Tomb:1   | 55909 ||| .........................................
 55909 | Tomb:1   | 55909 ||| .........................................
 55909 | Tomb:1   | 55909 ||| .........................................
 55909 | Tomb:1   | 55909 ||| .........................................
 55909 | Tomb:1   | 55909 ||| .........................................
 55909 | Tomb:1   | 55909 |||
 55909 | Tomb:1   | 55909 |||
 55909 | Tomb:1   | 55909 |||
 55909 | Tomb:1   | 55909 |||
 56005 | Crypt:3  | 56005 ||| Traversal map at 0,0 (enter_tomb)
 56005 | Crypt:3  | 56005 ||| . ......... . .. ..
 56005 | Crypt:3  | 56005 ||| ............. .. ... ..
 56005 | Crypt:3  | 56005 ||| . ......... . .. ... ..
 56005 | Crypt:3  | 56005 ||| ............. .. ... ..
 56005 | Crypt:3  | 56005 ||| . ......... . .. ... ..
 56005 | Crypt:3  | 56005 ||| .................. ... ..
 56005 | Crypt:3  | 56005 ||| ..... .. ... ..
 56005 | Crypt:3  | 56005 ||| ..... .. ... ..
 56005 | Crypt:3  | 56005 ||| ............. .. ... ..
 56005 | Crypt:3  | 56005 ||| ................. . ..
 56005 | Crypt:3  | 56005 ||| .........................
 56005 | Crypt:3  | 56005 ||| .........................
 56005 | Crypt:3  | 56005 ||| .........................
 56005 | Crypt:3  | 56005 ||| .........................
 56005 | Crypt:3  | 56005 ||| .. .................
 56005 | Crypt:3  | 56005 ||| .. .... ... .....
 56005 | Crypt:3  | 56005 ||| .. .... ... .....
 56005 | Crypt:3  | 56005 ||| .. .... ... .....
 56005 | Crypt:3  | 56005 ||| .. ........ ...#.
 56005 | Crypt:3  | 56005 ||| .. .... ... .....
 56005 | Crypt:3  | 56005 ||| .. .... ... @....
 56005 | Crypt:3  | 56005 ||| .. .... .................
 56005 | Crypt:3  | 56005 ||| .. .................
 56005 | Crypt:3  | 56005 ||| .........................
 56005 | Crypt:3  | 56005 ||| .........................
 56005 | Crypt:3  | 56005 ||| .........................
 56005 | Crypt:3  | 56005 |||
 56005 | Crypt:3  | 56005 |||
 56005 | Crypt:3  | 56005 |||
 56005 | Crypt:3  | 56005 |||
 56005 | Crypt:3  | 56005 |||
 56005 | Crypt:3  | 56005 |||
 56005 | Crypt:3  | 56005 |||
 56005 | Crypt:3  | 56005 |||
 56005 | Crypt:3  | 56005 |||
 56005 | Crypt:3  | 56005 |||
 56005 | Crypt:3  | 56005 |||
 56005 | Crypt:3  | 56005 |||
 56005 | Crypt:3  | 56005 |||
 56005 | Crypt:3  | 56005 |||
 56005 | Crypt:3  | 56005 |||
 56005 | Crypt:3  | 56005 ||| PLANNING TOMB
 56005 | Crypt:3  | 56005 ||| Traversal map at 0,0 (enter_tomb)
 56005 | Crypt:3  | 56005 ||| #.#.........#.##..#####..#
 56005 | Crypt:3  | 56005 ||| #.............##..#...#..#
 56005 | Crypt:3  | 56005 ||| #.#.........#.##..#...#..#
 56005 | Crypt:3  | 56005 ||| #.............##..#...#..#
 56005 | Crypt:3  | 56005 ||| #.#.........#.##..#...#..#
 56005 | Crypt:3  | 56005 ||| ..................#...#..#
 56005 | Crypt:3  | 56005 ||| #####.....######..#...#..#
 56005 | Crypt:3  | 56005 ||| #####.....######..#...#..#
 56005 | Crypt:3  | 56005 ||| #.............##..#...#..#
 56005 | Crypt:3  | 56005 ||| #.................##.##..#
 56005 | Crypt:3  | 56005 ||| .........................#
 56005 | Crypt:3  | 56005 ||| .........................#
 56005 | Crypt:3  | 56005 ||| .........................#
 56005 | Crypt:3  | 56005 ||| .........................#
 56005 | Crypt:3  | 56005 ||| ..######.................#
 56005 | Crypt:3  | 56005 ||| ..#....#...#########.....#
 56005 | Crypt:3  | 56005 ||| ..#....#...# #.....#
 56005 | Crypt:3  | 56005 ||| ..#....#...# #.....#
 56005 | Crypt:3  | 56005 ||| ..#........# #...#.#
 56005 | Crypt:3  | 56005 ||| ..#....#...# #.....#
 56005 | Crypt:3  | 56005 ||| ..#....#...#########@....#
 56005 | Crypt:3  | 56005 ||| ..#....#.................#
 56005 | Crypt:3  | 56005 ||| ..######.................#
 56005 | Crypt:3  | 56005 ||| .........................#
 56005 | Crypt:3  | 56005 ||| .........................#
 56005 | Crypt:3  | 56005 ||| .........................#
 56005 | Crypt:3  | 56005 ||| ##########################
 56005 | Crypt:3  | 56005 |||
 56005 | Crypt:3  | 56005 |||
 56005 | Crypt:3  | 56005 |||
 56005 | Crypt:3  | 56005 |||
 56005 | Crypt:3  | 56005 |||
 56005 | Crypt:3  | 56005 |||
 56005 | Crypt:3  | 56005 |||
 56005 | Crypt:3  | 56005 |||
 56005 | Crypt:3  | 56005 |||
 56005 | Crypt:3  | 56005 |||
 56005 | Crypt:3  | 56005 |||
 56005 | Crypt:3  | 56005 |||
 56005 | Crypt:3  | 56005 |||
 56005 | Crypt:3  | 56005 |||
 56262 | D:5      | 56262 ||| INVOKING Heroism.
 56265 | D:5      | Killed qw's ghost
 56326 | Temple   | Fell from the grace of Okawaru
 56326 | Temple   | Became a worshipper of the Shining One
 56576 | Vaults:4 | 56576 ||| READING 5 scrolls of enchant weapon.
 56576 | Vaults:4 | 56576 ||| ENCHANTING +0 broad axe of freezing.
 56577 | Vaults:4 | 56577 ||| READING 4 scrolls of enchant weapon.
 56577 | Vaults:4 | 56577 ||| ENCHANTING +1 broad axe of freezing.
 56578 | Vaults:4 | 56578 ||| READING 3 scrolls of enchant weapon.
 56578 | Vaults:4 | 56578 ||| ENCHANTING +2 broad axe of freezing.
 56579 | Vaults:4 | 56579 ||| READING 2 scrolls of enchant weapon.
 56579 | Vaults:4 | 56579 ||| ENCHANTING +3 broad axe of freezing.
 56580 | Vaults:4 | 56580 ||| READING scroll of enchant weapon.
 56580 | Vaults:4 | 56580 ||| ENCHANTING +4 broad axe of freezing.
 56851 | Tomb:2   | 56851 ||| DRINKING 8 potions of haste.
 56852 | Tomb:2   | 56852 ||| DRINKING 12 potions of attraction.
 56854 | Tomb:2   | Reached * piety under the Shining One
 56855 | Tomb:2   | Noticed a royal mummy
 56856 | Tomb:2   | Noticed a royal mummy
 56863 | Tomb:2   | Reached ** piety under the Shining One
 56865 | Tomb:2   | Noticed a royal mummy
 56867 | Tomb:2   | Reached skill level 12 in Invocations
 56872 | Tomb:2   | HP: 39/193 [guardian mummy (16)]
 56873 | Tomb:2   | 56873 ||| READING 18 scrolls of teleportation.
 56873 | Tomb:2   | Noticed a royal mummy
 56873 | Tomb:2   | Noticed a royal mummy
 56875 | Tomb:2   | Killed a royal mummy
 56877 | Tomb:2   | HP: 27/193 [something (10)]
 56879 | Tomb:2   | 56879 ||| READING 17 scrolls of teleportation.
 56882 | Tomb:2   | HP: 32/193 [torment (6)]
 56888 | Tomb:2   | Reached *** piety under the Shining One
 56888 | Tomb:2   | HP: 16/193 [royal mummy/divine providence (13)]
 56889 | Tomb:2   | 56889 ||| READING 16 scrolls of teleportation.
 56892 | Tomb:2   | HP: 3/193 [royal mummy (14)]
 56893 | Tomb:2   | Demolished by a death scarab

Levels and vault maps discovered:
D:1:      dpeg_arrival_morbid_curiosity, layout_rooms,
          shapermc_ecumenical_altar_mp_urbaneastern
D:2:      layout_basic, hangedman_decor_clover_reticule
D:3:      layout_basic, lemuel_doored_altar, kennysheep_generic_room_9
D:4:      layout_rooms, pdpol_wu_jian_five_deadly_venoms,
          gammafunk_ghost_gnarly_gnolls
D:5:      layout_loops_cross, regret_index_temple_of_mockery,
          nzn_overflow_gifts_of_might_and_magic, fedhas_bush_and_centaur_altar,
          serial_shops, shop, hellmonk_ghost_happy_afterlife,
          minmay_diced_spiral, uniq_prince_ribbit1
D:6:      dreamdust_elfheim, layout_loops_ring,
          mainiacjoe_overflow_divided_tiny, gammafunk_temple_of_torment,
          minmay_temple_entry_waves, lightli_ossuary_entry_decrepit_ruins,
          dreamdust_princess_corridor, kennysheep_generic_room_11, uniq_maggie
D:7:      layout_rooms, uniq_duvessa
D:8:      layout_rooms, mainiacjoe_overflow_catwalk,
          nemelex_xobeh_ov_fountains_minmay, dreamdust_princess_bridge
D:9:      layout_roguey, vehumet_crystals, makhleb_altar_promises_db,
          special_room [special_room_orc], st_stairs_14
D:10:     wad_woods_tower, layout_small_grid, cheibrodos_ashenzari_chains,
          david_orc_1_choice, kennysheep_generic_room_12
D:11:     layout_irregular_city, lair_entry_dummy
D:12:     minmay_the_grid_net [minmay_the_grid_all_tris,
          minmay_the_grid_outer_circle, minmay_the_grid_dragon_a,
          minmay_the_grid_expand, minmay_the_grid_gridbox,
          minmay_the_grid_prize_diamond_cup], layout_irregular_city
D:13:     layout_cave_pools, erik_vaults_1
D:14:     layout_loops_ring, nicolae_tso_swordbearing_angel
D:15:     grunt_enter_depths_snipers, layout_stronghold, lemuel_crystal_altar
Temple:   hellmonk_temple_rainy
Lair:1:   layout_roguey, infiniplex_staircase_pool_2, grunt_megastairs_1,
          uniq_grum
Lair:2:   layout_regular_city, nicolae_swamp_entry_splash_gauntlet,
          nicolae_volcano_entry_hallway
Lair:3:   layout_hall_layers, hellmonk_spider_entry_life_and_decay, st_stairs_6
Lair:4:   statuecave_lemuel, layout_regular_city, nicolae_slime_entry_field_trip
Lair:5:   hangedman_lair_in_review, layout_cave_pods,
          hangedman_lair_caniforms_friends, basic_altar,
          ebering_ghost_inner_flame, special_room [special_room_mythical_zoo],
          st_stairs_6, chequers_serial_rivers_small_a, minivault_11,
          nicolae_lair_lindhole
Swamp:1:  layout_falls_marsh, evilmike_swamp_ruin_house_3, uniq_nikola
Swamp:2:  layout_falls_marsh, evilmike_swamp_ruin_house_1
Swamp:3:  layout_basic_swamp, evilmike_swamp_ruin_rubble_2,
          infiniplex_staircase_pool, uniq_bai_suzhen
Swamp:4:  swamp_fiery, layout_basic_swamp, swamp_pool3, uniq_mlioglotl,
          uniq_donald, uniq_roxanne
Spider:1: layout_spider_delve, nicolae_spider_baby_got_redback, uniq_azrael
Spider:2: nicolae_spider_hilbert_zone_2 [nicolae_spider_hilbert_4_sides_1_open,
          nicolae_spider_hilbert_4_sides_1_open,
          nicolae_spider_hilbert_4_sides_1_open,
          nicolae_spider_hilbert_4_sides_1_open,
          nicolae_spider_hilbert_6_sides_1_open,
          nicolae_spider_hilbert_6_sides_1_open,
          nicolae_spider_hilbert_3_sides_1_open,
          nicolae_spider_hilbert_3_sides_1_open,
          nicolae_spider_hilbert_3_sides_1_open,
          nicolae_spider_hilbert_3_sides_1_open,
          nicolae_spider_hilbert_6_sides_1_open,
          nicolae_spider_hilbert_6_sides_1_open,
          nicolae_spider_hilbert_6_sides_1_open,
          nicolae_spider_hilbert_6_sides_1_open], uniq_arachne
Spider:3: layout_spider_delve
Spider:4: spider_rune_water, uniq_aizul
Slime:1:  layout_caves, nicolae_slime_phagocytosis
Slime:2:  layout_caves
Slime:3:  layout_caves
Slime:4:  layout_caves, basic_altar, cheibrodos_slime_lost_civilization_4
Slime:5
Orc:1:    gammafunk_beogh_shrine, layout_caves, uniq_josephine, uniq_harold
Orc:2:    pf_orc_diabolical, layout_caves, serial_shops, nicolae_shop_mannequins
Vaults:1: v_pattern_2, nicolae_vaults_network_s, vaults_dpeg_spiral,
          grunt_vaults_funnel, dpeg_vaults_monster_box, v_misc_25,
          nicolae_vaults_more_shelving_2, v_misc_26,
          hangedman_vaults_corner_blocks, layout_vaults_ring
Vaults:2: vaults_mumra_lcd, minmay_crypt_entry_vampire_xt,
          vaults_standard_mumra_enter_the_diamond, nicolae_vaults_double_plus_1,
          hangedman_vaults_restitches, nicolae_vaults_stepped_doors,
          nicolae_vaults_rhombus_7, nicolae_vaults_sesquioval_fish,
          nicolae_vaults_tetromino_L_2, layout_vaults_omnigrid
Vaults:3: nicolae_vaults_specimen_jars, vaults_dpeg_ring,
          vaults_mumra_chevron_long, nicolae_vaults_circle_grid_b,
          vaults_dpeg_cross, nicolae_vaults_closet_pinwheel_2, v_misc_26,
          ontoclasm_vaults_shuriken, nicolae_vaults_security_offices_4,
          v_alt_pattern_1, layout_vaults_omnicross
Vaults:4: hangedman_vaults_stitches, nicolae_vaults_stairing_the_circle,
          ontoclasm_vaults_fault, nicolae_vaults_circle_grid_a,
          hangedman_vaults_snaps, v_misc_3, nicolae_vaults_little_squares_5,
          grunt_vaults_swirl, v_misc_11, nicolae_vaults_diamond_1,
          layout_vaults_maze_bifur, nicolae_trove_entry_isolated, uniq_mennas
Vaults:5: serial_shops
Crypt:1:  layout_rooms, nicolae_crypt_ancient_font, uniq_margery
Crypt:2:  layout_misc_corridors, ebering_ghost_rock_garden, minivault_25,
          lemuel_statue_altar
Crypt:3:  due_elkab, layout_chaotic_city
Tomb:1
Tomb:2
Depths:1: layout_cave_shapes, hell_entry, serial_shops, nicolae_shop_peninsula,
          elyvilon_altar_3, serial_bayou_shore_a, serial_bayou_shore_b,
          minmay_shop_star
Depths:2: kennysheep_big_flooded_room, layout_gridlike, serial_co_window_serial,
          co_window_of_opportunity_a, co_window_paths_b, co_window_cross_1,
          co_window_paths_a, co_window_corner_a, co_window_paths_c,
          co_window_of_opportunity_c, co_window_corner_cb, co_window_paths_e,
          glass_columns_c, glass_columns_a, glass_columns_a, glass_columns_b,
          glass_columns_b, marbit_kobold_abyss_entry, hell_entry, pan_entry
Depths:3: kennysheep_bubbly, layout_cave_shapes, hell_entry,
          abyss_entry_glasseish, kennysheep_generic_room_4,
          infiniplex_staircase_pool_1, serial_bayou_shore_b, minmay_shop_grove
Depths:4: grunt_twist_and_shout, layout_honeycomb, enter_ziggurat_f, hell_entry,
          minmay_serpent_palace, uniq_vv
Zot:1:    layout_basic, grunt_ministairs_15
Zot:2:    layout_twisted_circle, grunt_megastairs_5
Zot:3:    layout_gridville, gammafunk_ghost_split
Zot:4:    layout_gridlike

Skill      XL: |  1  2  3  4  5  6  7  8  9 10 11 12 13 14 15 16 17 18 19 20 21 22 23 24 25 26 |
---------------+-------------------------------------------------------------------------------+-----
Axes           | 2 3 4 5 6 7 8 10 11 12 13 15 16 18 19 | 19.1
Fighting       | 4 6 7 8 9 10 11 12 13 15 16 18 19 20 22 24 25 27 | 27.0
Dodging        | 1 2 3 4 5 6 7 9 10 12 | 12.4
Armour         | 4 5 6 7 8 9 10 12 14 15 16 17 18 19 20 21 22 | 22.0
Throwing       | 1 4 5 6 7 9 10 11 12 | 12.1
Shields        | 8 9 10 11 12 13 14 15 16 18 20 21 22 | 22.0
Invocations    | 2 4 6 9 10 12 | 12.3

Action                     |  1- 3 |  4- 6 |  7- 9 | 10-12 | 13-15 | 16-18 | 19-21 | 22-24 | 25-27 || total
---------------------------+-------+-------+-------+-------+-------+-------+-------+-------+-------++-------
  Melee: War axe           |   114 |   137 |   358 |       |    22 |     7 |       |       |       ||   638
         Broad axe         |       |       |     1 |   426 |   800 |  1367 |  1515 |  1607 |  1399 ||  7115
         Headbutt          |       |       |       |       |       |       |       |   173 |   494 ||   667
  Throw: Boomerang         |       |       |    33 |    38 |     1 |   117 |    20 |       |   186 ||   395
         Javelin           |       |       |       |    40 |    82 |    80 |   137 |   104 |     7 ||   450
 Invoke: Heroism           |       |       |     3 |    25 |    28 |    34 |    12 |    44 |    20 ||   166
         Finesse           |       |       |       |       |     4 |     5 |    11 |     3 |       ||    23
    Use: Scroll            |     1 |     7 |    11 |     8 |    10 |     2 |     1 |     4 |    14 ||    58
         Potion            |       |     2 |       |     5 |       |     1 |     2 |     8 |     3 ||    21
   Stab: Distracted        |       |       |     1 |       |     1 |       |       |       |       ||     2
 Armour: Scale mail        |    66 |    26 |       |       |       |       |       |       |       ||    92
         Chain mail        |       |    81 |    32 |       |       |       |       |       |   109 ||   222
         Plate armour      |       |       |   218 |   157 |   391 |  1036 |   472 |   674 |   392 ||  3340
  Dodge: Dodged            |    53 |    66 |   110 |   201 |   436 |   996 |   479 |   738 |   589 ||  3668
  Block: Buckler           |    19 |    32 |    22 |       |       |       |       |       |       ||    73
         Kite shield       |       |       |   106 |   278 |   513 |   997 |   327 |       |       ||  2221
         Reflection        |       |       |       |       |       |     6 |     1 |       |       ||     7
         Tower shield      |       |       |       |       |       |       |   708 |  1506 |  1317 ||  3531

Table legend:
 A = Non-vault XP
 B = Vault XP
 C = Vault XP percentage of total XP
 D = Non-vault monster count
 E = Vault monster count
 F = Vault count percentage of total count
                 A         B        C        D         E       F
            +---------+---------+-------+---------+---------+-------
      Total |  759841 |  493897 |  39.4 |    1463 |     811 |  35.7
            +---------+---------+-------+---------+---------+-------
        D:1 |      38 |       9 |  19.1 |      22 |       5 |  18.5
        D:2 |      81 |       0 |   0.0 |      28 |       0 |   0.0
        D:3 |     463 |       0 |   0.0 |      17 |       0 |   0.0
        D:4 |     227 |       0 |   0.0 |      21 |       0 |   0.0
        D:5 |     849 |     994 |  53.9 |      11 |       8 |  42.1
        D:6 |     547 |     384 |  41.2 |      17 |       2 |  10.5
        D:7 |    1108 |     216 |  16.3 |      23 |       2 |   8.0
        D:8 |    1898 |       0 |   0.0 |      17 |       0 |   0.0
        D:9 |    1709 |    1571 |  47.9 |      16 |      21 |  56.8
       D:10 |    1244 |    2642 |  68.0 |      17 |      16 |  48.5
       D:11 |    4211 |       0 |   0.0 |      31 |       0 |   0.0
       D:12 |    6042 |    6550 |  52.0 |      26 |      13 |  33.3
       D:13 |    8347 |    1654 |  16.5 |      20 |       2 |   9.1
       D:14 |   11471 |       0 |   0.0 |      21 |       0 |   0.0
       D:15 |   11292 |    2720 |  19.4 |      17 |       3 |  15.0
     Lair:1 |    2308 |    2066 |  47.2 |       7 |      10 |  58.8
     Lair:2 |    4031 |    2407 |  37.4 |      19 |       5 |  20.8
     Lair:3 |    6060 |    1100 |  15.4 |      26 |       6 |  18.8
     Lair:4 |    2866 |     893 |  23.8 |      12 |       6 |  33.3
     Lair:5 |    8304 |   26740 |  76.3 |      23 |     101 |  81.5
    Swamp:1 |   13665 |    2335 |  14.6 |      26 |       1 |   3.7
    Swamp:2 |    8784 |       0 |   0.0 |      18 |       0 |   0.0
    Swamp:3 |    8331 |    2963 |  26.2 |      13 |       1 |   7.1
    Swamp:4 |   13462 |   19582 |  59.3 |      23 |      31 |  57.4
   Spider:1 |   17415 |    4765 |  21.5 |      56 |      22 |  28.2
   Spider:2 |   22202 |   11734 |  34.6 |      54 |      17 |  23.9
   Spider:3 |   18403 |       0 |   0.0 |      46 |       0 |   0.0
   Spider:4 |   18865 |   16775 |  47.1 |      36 |      40 |  52.6
    Slime:1 |    3860 |     949 |  19.7 |       8 |       3 |  27.3
    Slime:2 |    7229 |       0 |   0.0 |      14 |       0 |   0.0
    Slime:3 |    5586 |       0 |   0.0 |      14 |       0 |   0.0
    Slime:4 |    4863 |       0 |   0.0 |      10 |       0 |   0.0
    Slime:5 |   12048 |   22890 |  65.5 |      23 |      16 |  41.0
      Orc:1 |    1402 |    2802 |  66.7 |      22 |       7 |  24.1
      Orc:2 |    3640 |   14879 |  80.3 |      39 |      59 |  60.2
   Vaults:1 |   18931 |   23119 |  55.0 |      37 |      29 |  43.9
   Vaults:2 |    9253 |   10916 |  54.1 |      17 |      15 |  46.9
   Vaults:3 |   38350 |    8764 |  18.6 |      56 |      11 |  16.4
   Vaults:4 |   22259 |   21976 |  49.7 |      35 |      26 |  42.6
   Vaults:5 |   17962 |   93246 |  83.8 |      26 |      80 |  75.5
    Crypt:1 |   33121 |       0 |   0.0 |      61 |       0 |   0.0
    Crypt:2 |   38745 |       0 |   0.0 |      62 |       0 |   0.0
    Crypt:3 |   34104 |   51046 |  59.9 |      47 |      58 |  55.2
     Tomb:1 |    9829 |   56320 |  85.1 |      22 |      48 |  68.6
     Tomb:2 |    4388 |    6773 |  60.7 |      15 |      11 |  42.3
   Depths:1 |   26539 |       0 |   0.0 |      35 |       0 |   0.0
   Depths:2 |   45322 |    2193 |   4.6 |      64 |       4 |   5.9
   Depths:3 |   33878 |   16775 |  33.1 |      37 |      14 |  27.5
   Depths:4 |   30954 |   46093 |  59.8 |      31 |      58 |  65.2
      Zot:1 |   29724 |    5958 |  16.7 |      22 |       6 |  21.4
      Zot:2 |   44027 |    1017 |   2.3 |      32 |       2 |   5.9
      Zot:3 |   44496 |       0 |   0.0 |      37 |       0 |   0.0
      Zot:4 |   45108 |       0 |   0.0 |      34 |       0 |   0.0
    Ossuary |       0 |      81 | 100.0 |       0 |      52 | 100.0
            +---------+---------+-------+---------+---------+-------
